 Seeded DCSS version 0.27-a0-592-g0306a34022 (webtiles) character file.

Game seed: 16989952797484863983 (custom seed)

14714871 karrick the Gargoyle Barricade (level 27, 208/208 HPs)
             Began as a Gargoyle Gladiator on Mar 10, 2021.
             Was the Champion of Okawaru.
             Escaped with the Orb
             ... and 15 runes!
             The game lasted 06:48:38 (107981 turns).

karrick the Gargoyle Barricade (GrGl)             Turns: 107981, Time: 06:48:39

Health: 208/208    AC: 50    Str: 33    XL:     27
Magic:  56/56      EV: 14    Int: 11    God:    Okawaru [******]
Gold:   8990       SH: 22    Dex: 20    Spells: 50/56 levels left

rFire    + + +     SeeInvis +   K - +9 eveningstar (holy)
rCold    + + +     Faith    +   R - +2 shield of Resistance {rF++ rC++ Will++}
rNeg     + . .     Spirit   +   t - +4 moon troll leather armour {Spirit, Regen++ MP+5}
rPois    ∞         Reflect  .   W - +2 helmet "Paelih" {rF+ SInv}
rElec    +         Harm     .   H - +2 cloak {Stlth+}
rCorr    .         Rampage  +   A - +0 pair of gloves of Winter {rF+ rC+}
Will     ++++.     Rnd*Tele +   Z - +2 pair of boots {rampage}
Stlth    ++++......             b - amulet "Niprediy" {Faith rElec MP+9}
HPRegen  2.44/turn              O - ring "Giroesyxt" {Str+6 Dex+4}
MPRegen  0.35/turn              X - ring of Noon {rPois rC+ Str+6 Int-4 Dex+3}

@: studying 4 skills
A: big wings, rugged brown scales 2, clumsy 1, deterioration 1, negative energy
resistance 1, electricity resistance, teleportitis 1, torment resistance 1,
unbreathing 1, petrification resistance, MP-powered wands, AC +20
0: Orb of Zot
}: 15/15 runes: barnacled, slimy, silver, golden, iron, obsidian, icy, bone,
abyssal, demonic, glowing, magical, fiery, dark, gossamer
a: Fly, Renounce Religion, Heroism, Finesse


You escaped.
You worshipped Okawaru.
Okawaru was exalted by your worship.
You visited 18 branches of the dungeon, and saw 90 of its levels.
You visited Pandemonium 2 times, and saw 24 of its levels.
You visited the Abyss 10 times.
You also visited: Trove.

You collected 19523 gold pieces.
You spent 10533 gold pieces at shops.

Inventory:

Hand Weapons
 a - the +3 broad axe of Resourcefulness {vamp, *Corrode rPois Dex+4}
   (Okawaru gifted it to you on level 2 of the Spider Nest)

   It inflicts no extra harm, but heals its wielder when it wounds a living foe.
   It affects your dexterity (+4).
   It protects you from poison.
   It may corrode you when you take damage.
 d - the +8 morningstar of Vuso {antimagic, rC+ Dex+2}
   (Okawaru gifted it to you in Pandemonium)

   It reduces the magical energy of the wielder, and disrupts the spells and
   magical abilities of those hit.
   Natural abilities and divine invocations are not affected.
   It affects your dexterity (+2).
   It protects you from cold.
 q - the +4 staff of Dispater
   (You took it off Dispater on level 7 of the Iron City of Dis)
 K - a +9 eveningstar of holy wrath (weapon)
 N - the +7 broad axe of Noon {vorpal, MP+9 Str+2 SInv Stlth+}
   (Okawaru gifted it to you on level 2 of the Crypt)

   It inflicts extra damage upon your enemies.
   It affects your strength (+2).
   It affects your magic capacity (+9).
   It lets you see invisible.
   It makes you more stealthy.
 S - the +11 morningstar of the Pillar {freeze, rC++}
   (You found it on level 3 of the Elven Halls)

   It has been specially enchanted to freeze those struck by it, causing extra
   injury to most foes and up to half again as much damage against particularly
   susceptible opponents.
   It can also slow down cold-blooded creatures.
   It greatly protects you from cold.
 Y - the +6 morningstar of the Puffin {vamp, rPois rC+}
   (Okawaru gifted it to you on level 3 of the Vaults)

   It inflicts no extra harm, but heals its wielder when it wounds a living foe.
   It protects you from cold.
   It protects you from poison.
Armour
 f - a +2 cloak of preservation
 h - the +8 chain mail of karrick's Tenacity {+Inv Regen+}
   (Okawaru gifted it to you on level 1 of the Abyss)

   It lets you turn invisible.
   It increases your rate of regeneration.
 l - the quicksilver dragon scales of Good Intentions {rC+ Will+}
   (Okawaru gifted it to you on level 7 of the Iron City of Dis)

   It protects you from cold.
   It affects your willpower, your defense against some magical effects.
 t - the +4 moon troll leather armour (worn) {Spirit, Regen++ MP+5}
   (You bought it in a shop on level 12 of the Dungeon)

   It affects your magic capacity (+5).
   It increases your rate of regeneration.
 A - the +0 pair of gloves of Winter (worn) {rF+ rC+}
   (Okawaru gifted it to you on level 1 of the Spider Nest)

   It protects you from fire.
   It protects you from cold.
 H - a +2 cloak of stealth (worn)
 R - the +2 shield of Resistance (worn) {rF++ rC++ Will++}
   (You acquired it on level 3 of the Elven Halls)

   It greatly protects you from fire.
   It greatly protects you from cold.
   It affects your willpower, your defense against some magical effects.
 U - a +2 pair of gloves of strength
 V - +8 gold dragon scales
 W - the +2 helmet "Paelih" (worn) {rF+ SInv}
   (Okawaru gifted it to you on level 1 of the Depths)

   It protects you from fire.
   It lets you see invisible.
 Z - a +2 pair of boots of rampaging (worn)
Jewellery
 b - the amulet "Niprediy" (around neck) {Faith rElec MP+9}
   (You acquired it in Pandemonium)

   [amulet of faith]

   It allows you to gain divine favour quickly.
   It insulates you from electricity.
   It affects your magic capacity (+9).
 s - the ring of the Garden {rF+ Str+2 Dex+5}
   (You found it on level 5 of the Pits of Slime)

   [ring of protection from fire]

   It affects your strength (+2).
   It affects your dexterity (+5).
   It protects you from fire.
 G - the ring "Coimi" {Wiz rF+ Int+3 Slay+3 SInv}
   (You found it on level 3 of the Tomb of the Ancients)

   [ring of wizardry]

   It improves your spell success rate.
   It affects your intelligence (+3).
   It affects your accuracy and damage with ranged weapons and melee attacks
   (+3).
   It protects you from fire.
   It lets you see invisible.
 J - the ring of the Tortoise {AC+8}
   (You took it off a deep elf knight on level 3 of the Elven Halls)

   [ring of protection]

   It affects your AC (+8).
 L - the ring "Toschyku" {rF- rC++ AC+4 Str+3 Int+4}
   (You acquired it on level 2 of the Iron City of Dis)

   [ring of protection]

   It affects your AC (+4).
   It affects your strength (+3).
   It affects your intelligence (+4).
   It makes you vulnerable to fire.
   It greatly protects you from cold.
 O - the ring "Giroesyxt" (right hand) {Str+6 Dex+4}
   (You found it on level 3 of the Elven Halls)

   [ring of strength]

   It affects your strength (+6).
   It affects your dexterity (+4).
 Q - the ring of Genuov {rPois rN+ Will+ Int+6}
   (You found it on level 7 of Tartarus)

   [ring of intelligence]

   It affects your intelligence (+6).
   It protects you from poison.
   It protects you from negative energy.
   It affects your willpower, your defense against some magical effects.
 X - the ring of Noon (left hand) {rPois rC+ Str+6 Int-4 Dex+3}
   (You found it on level 4 of the Lair of Beasts)

   [ring of strength]

   It affects your strength (+6).
   It affects your intelligence (-4).
   It affects your dexterity (+3).
   It protects you from cold.
   It protects you from poison.
Wands
 x - a wand of digging (19)
Scrolls
 e - 15 scrolls of enchant weapon
 k - 15 scrolls of immolation
 m - 3 scrolls of fog
 u - 35 scrolls of teleportation
 w - 2 scrolls of blinking
 y - 3 scrolls of summoning
 E - 5 scrolls of identify
 T - 5 scrolls of silence
Potions
 c - 16 potions of heal wounds
 i - 11 potions of cancellation
 o - 5 potions of resistance
 p - 7 potions of might
 r - 37 potions of curing
 B - 10 potions of magic
 D - 15 potions of brilliance
 F - 7 potions of berserk rage
 I - 10 potions of haste
 M - 12 potions of ambrosia
 P - 2 potions of invisibility
Miscellaneous
 g - a figurine of a ziggurat
 j - the horn of Geryon
 v - a condenser vane
 z - a box of beasts
 C - a tin of tremorstones (2/2)


   Skills:
 O Level 27 Fighting
 - Level 0.8(2.3) Short Blades
 - Level 3.4(3.5) Long Blades
 - Level 9.0(18.9) Axes
 O Level 27 Maces & Flails
 - Level 0.6(5.6) Polearms
 - Level 0.3(18.7) Staves
 - Level 0.4(2.1) Slings
 - Level 1.2 Bows
 - Level 0.5 Crossbows
 + Level 3.3 Throwing
 O Level 27 Armour
 - Level 4.1 Dodging
 O Level 27 Stealth
 O Level 27 Shields
 - Level 0.9 Unarmed Combat
 * Level 15.2 Spellcasting
 + Level 3.4 Conjurations
 + Level 2.5 Hexes
 - Level 0.7 Summonings
 - Level 0.4 Necromancy
 + Level 2.2 Translocations
 - Level 0.7 Transmutations
 - Level 0.4 Fire Magic
 + Level 3.9 Ice Magic
 + Level 2.2 Air Magic
 * Level 21.7 Earth Magic
 - Level 0.7 Poison Magic
 O Level 27 Invocations
 * Level 23.0 Evocations


You had 50 spell levels left.
You knew the following spells:

 Your Spells              Type           Power      Damage    Failure   Level
a - Passwall              Tmut/Erth      27%        N/A       1%          2
b - Blink                 Tloc           N/A        N/A       4%          2
c - Swiftness             Air            13%        N/A       4%          2

Your spell library contained the following spells:

 Spells                   Type           Power      Damage    Failure   Level
 Sandblast                Erth           100%       2d20      0%          1
 Freeze                   Ice            64%        1d8       1%          1
 Magic Dart               Conj           60%        1d6       1%          1
 Stone Arrow              Conj/Erth      72%        3d11      1%          3
 Animate Armour           Summ/Erth      66%        N/A       1%          4
 Leda's Liquefaction      Hex/Erth       17%        N/A       1%          4
 Petrify                  Tmut/Erth      33%        N/A       1%          4
 Lee's Rapid Deconstruct  Erth           27%        3d15*     1%          5
 Corona                   Hex            15%        N/A       2%          1
 Shock                    Conj/Air       56%        1d6       2%          1
 Borgnjor's Vile Clutch   Necr/Erth      16%        N/A       2%          5
 Apportation              Tloc           26%        N/A       3%          1
 Foxfire                  Conj/Fire      48%        2x1d6     3%          1
 Ensorcelled Hibernation  Hex/Ice        30%        N/A       3%          2
 Slow                     Hex            14%        N/A       4%          2
 Frozen Ramparts          Ice            32%        1d5       4%          3
 Ozocubu's Armour         Ice            16%        N/A       4%          3
 Beastly Appendage        Tmut           18%        N/A       6%          1
 Sting                    Tmut/Pois      40%        1d5       6%          1
 Summon Small Mammal      Summ           40%        N/A       6%          1
 Poisonous Vapours        Pois/Air       22%        N/A       6%          2
 Animate Skeleton         Necr           18%        N/A       7%          1
 Pain                     Necr           36%        1d5       7%          1
 Corpse Rot               Necr/Air       N/A        N/A       7%          2
 Dazzling Flash           Conj/Hex       28%        N/A       7%          3
 Bolt of Magma            Conj/Fire/Erth 13%        4d8       7%          5
 Iron Shot                Conj/Erth      18%        9d4       7%          6
 Static Discharge         Conj/Air       14%        N/A       8%          3
 Call Imp                 Summ           10%        N/A       9%          2
 Wereblood                Tmut           9%         N/A       9%          2
 Confusing Touch          Hex            14%        N/A       9%          3
 Portal Projectile        Hex/Tloc       26%        N/A       9%          3
 Tukima's Dance           Hex            14%        N/A       9%          3
 Gell's Gravitas          Tloc           6%         N/A       10%         3
 Lesser Beckoning         Tloc           6%         N/A       10%         3
 Mephitic Cloud           Conj/Pois/Air  13%        N/A       10%         3
 Teleport Other           Tloc           13%        N/A       10%         3
 Conjure Flame            Conj/Fire      12%        6-21      11%         3
 Inner Flame              Hex/Fire       11%        N/A       13%         3
 Call Canine Familiar     Summ           10%        N/A       17%         3
 Hailstorm                Conj/Ice       16%        3d6       17%         4
 Ignite Poison            Fire/Tmut/Pois 9%         N/A       19%         3
 Vampiric Draining        Necr           4%         2d6       21%         3
 Cause Fear               Hex            7%         N/A       26%         4
 Airstrike                Air            6%         N/A       30%         4
 Manifold Assault         Tloc           13%        N/A       30%         4
 Passage of Golubria      Tloc           N/A        N/A       30%         4
 Summon Ice Beast         Ice/Summ       13%        N/A       30%         4
 Sticky Flame             Conj/Fire      12%        2d4       34%         4
 Summon Lightning Spire   Summ/Air       11%        N/A       38%         4
 Iskenderun's Battlesphe  Conj           15%        2d7       47%         5
 Olgreb's Toxic Radiance  Pois           10%        N/A       50%         4
 Metabolic Englaciation   Hex/Ice        7%         N/A       50%         5
 Animate Dead             Necr           4%         N/A       54%         4
 Dispel Undead            Necr           9%         3d8       54%         4
 Lightning Bolt           Conj/Air       7%         1d19      56%         5
 Silence                  Hex/Air        6%         N/A       63%         5
 Irradiate                Conj/Tmut      6%         3d15      67%         5
 Fireball                 Conj/Fire      6%         3d5       69%         5
 Shatter                  Erth           27%        3d23*     71%         9
 Summon Mana Viper        Hex/Summ       12%        N/A       73%         5
 Yara's Violent Unravell  Hex/Tmut       6%         3d5       73%         5
 Summon Forest            Summ/Tloc      5%         N/A       75%         5
 Alistair's Intoxication  Tmut/Pois      6%         N/A       85%         5
 Blade Hands              Tmut           4%         N/A       85%         5
 Agony                    Necr           9%         N/A       88%         5
 Excruciating Wounds      Necr           4%         N/A       88%         5
 Lehudib's Crystal Spear  Conj/Erth      18%        10d5      96%         8
 Freezing Cloud           Conj/Ice/Air   7%         6-21      97%         6
 Conjure Ball Lightning   Conj/Air       7%         3x3d6     98%         6
 Dispersal                Tloc           6%         N/A       99%         6
 Invisibility             Hex            14%        N/A       99%         6
 Simulacrum               Ice/Necr       6%         N/A       99%         6
 Death Channel            Necr           4%         N/A       100%        6
 Eringya's Noxious Bog    Tmut/Pois      5%         N/A       100%        6
 Hydra Form               Tmut           4%         N/A       100%        6
 Shadow Creatures         Summ           N/A        N/A       100%        6
 Dragon Form              Tmut           4%         N/A       100%        7
 Haunt                    Necr/Summ      4%         N/A       100%        7
 Malign Gateway           Summ/Tloc      5%         N/A       100%        7
 Monstrous Menagerie      Summ           5%         N/A       100%        7
 Orb of Destruction       Conj           7%         9d3       100%        7
 Spellforged Servitor     Conj/Summ      6%         N/A       100%        7
 Summon Hydra             Summ           5%         N/A       100%        7
 Borgnjor's Revivificati  Necr           4%         N/A       100%        8
 Chain Lightning          Conj/Air       7%         N/A       100%        8
 Disjunction              Tloc           6%         N/A       100%        8
 Ignition                 Fire           4%         3d4       100%        8
 Summon Horrible Things   Summ           5%         N/A       100%        8
 Absolute Zero            Ice            8%         ∞         100%        9
 Dragon's Call            Summ           5%         N/A       100%        9
 Fire Storm               Conj/Fire      6%         8d2       100%        9
 Tornado                  Air            6%         N/A       100%        9
 Sublimation of Blood     Necr           Unusable   N/A       N/A         2
 Statue Form              Tmut/Erth      Unusable   N/A       N/A         6

Dungeon Overview and Level Annotations

Branches:
Dungeon (15/15)            Temple (1/1) D:7            Lair (6/6) D:10
 Shoals (4/4) Lair:2       Spider (4/4) Lair:4        Slime (5/5) Lair:5
    Orc (2/2) D:10            Elf (3/3) Orc:2        Vaults (5/5) D:14
  Crypt (3/3) Vaults:3       Tomb (3/3) Crypt:3      Depths (5/5) D:15
   Hell (visited)             Dis (7/7) Hell            Geh (7/7) Hell
    Coc (7/7) Hell            Tar (7/7) Hell            Zot (5/5) Depths:5

Altars:
Ashenzari
Cheibriados
Dithmenos
Elyvilon
Fedhas
Hepliaklqana
Kikubaaqudgha
Makhleb
Nemelex Xobeh
Okawaru
Qazlal
Ru
Sif Muna
Trog
Uskayaw
Vehumet
Wu Jian
Xom
Yredelemnul
Zin
The Shining One
Jiyva

Shops:
D:6 :   D:11 !   D:12 [   D:15 (   Orc:2 =*:*   Elf:2 *   Elf:3 ?*   Shoals:4 *
Vaults:1 :   Vaults:3 (   Depths:2 ?[?!   Depths:4 =   Depths:5 =::

Portals:
Hell: Depths:1 Depths:2 Depths:3 Depths:4 Depths:5
Abyss: Depths:1 Depths:4
Pandemonium: Depths:1 Depths:2 Depths:3
Ziggurat: Depths:4


Innate Abilities, Weirdness & Mutations

Your stone body is resilient. (AC +20)
You are immune to poison.
Your large and strong wings let you fly indefinitely.
You resist negative energy. (rN+)
You are resistant to electric shocks. (rElec)
You are resistant to unholy torment.
You can survive without breathing.
You are immune to petrification.
You are mostly covered in rugged brown scales. (AC +2, +5% HP)
You are clumsy. (Dex -2)
Your body sometimes deteriorates upon taking damage.
You are occasionally teleported next to monsters.
You expend magic power (3 MP) to strengthen your wands.


Message History

a +0 club; a hobgoblin skeleton
Things that are here:
a +0 animal skin; a +0 dagger
Items here: ))))).
You see here a +0 club.
There is an open door here.
An Orb Guardian comes into view.
You rampage towards the Orb Guardian!
You barely miss the Orb Guardian. You hit the Orb Guardian.
The Orb Guardian is lightly wounded.
You hit the Orb Guardian.
The Orb Guardian is lightly wounded.
You block the Orb Guardian's attack.
You hit the Orb Guardian but do no damage.
The Orb Guardian is lightly wounded.
You block the Orb Guardian's attack.
You impale the Orb Guardian!!
The Orb Guardian is heavily wounded.
The Orb Guardian hits you.
You impale the Orb Guardian!!
The Orb Guardian is almost dead.
The Orb Guardian barely misses you.
You completely miss the Orb Guardian.
The Orb Guardian is almost dead.
You block the Orb Guardian's attack.
You hit the Orb Guardian but do no damage.
The Orb Guardian is almost dead.
You block the Orb Guardian's attack.
You barely miss the Orb Guardian.
The Orb Guardian is almost dead.
You block the Orb Guardian's attack.
You hit the Orb Guardian.
The Orb Guardian is almost dead.
You block the Orb Guardian's attack.
You perforate the Orb Guardian like a sieve!!!
You kill the Orb Guardian!
Okawaru accepts your kill.
No target in view!
There is a staircase leading out of the dungeon here.
You have escaped!

##### ######.@.######
###.............###
###.................########
#.'.................+.......
#.#..........(......#.######
##.###.............###.#
#..# ###.........### #.#
#.## ###.....### #.# #.#
###.........### #.#


There were no monsters in sight!

Vanquished Creatures
  Cerebov (Pan)
  Asmodeus (Geh:7)
  Antaeus (Coc:7)
  the Royal Jelly (Slime:5)
  Mnoleg (Pan)
  Gloorx Vloq (Pan)
  Ereshkigal (Tar:7)
  Lom Lobon (Pan)
  9 dread liches
  Dispater (Dis:7)
  8 orbs of fire (Zot:5)
  9 pandemonium lords
  Mara (Spider:3)
  3 ancient liches
  2 juggernauts
  20 royal mummies
  3 Killer Klowns (Zot:5)
  Bai Suzhen (Depths:3)
  8 shard shrikes
  10 caustic shrikes
  Geryon (Hell)
  2 curse toes
  10 golden dragons
  Jory (Depths:5)
  2 profane servitors
  12 bone dragons
  8 doom hounds
  Arachne (Spider:4)
  16 Brimstone Fiends
  A shard shrike zombie (Crypt:2)
  11 iron giants
  4 electric golems
  36 Tzitzimimeh
  A hellephant (Zot:2)
  26 tentacled monstrosities
  16 Ice Fiends
  Rupert (Spider:1)
  19 Hell Sentinels
  16 liches
  31 Orb Guardians
  5 quicksilver dragons
  7 titans
  A deep elf blademaster (Elf:3)
  9 death cobs
  13 sphinxes
  16 tentacled starspawn
  29 Executioners
  20 ancient champions
  16 acid blobs
  8 draconian monks
  Agnes (Spider:1)
  14 storm dragons
  8 tengu reavers
  Roxanne (Depths:1)
  4 revenants
  12 azure jellies
  15 shadow dragons
  2 daevas
  15 iron dragons
  Aizul (Shoals:1)
  13 frost giants
  9 draconian knights
  16 fire giants
  27 cacodemons
  13 deep elf sorcerers
  14 ghost moths
  A juggernaut zombie (Crypt:2)
  10 vault wardens
  8 emperor scorpions
  7 draconian scorchers
  6 warmongers (Pan)
  3 draconian stormcallers
  14 ghouls
  4 curse skulls
  6 deep elf elementalists
  8 draconian annihilators
  2 draconian shifters (Abyss:3)
  34 balrugs
  67 reapers
  4 blood saints (Pan)
  31 very ugly things
  An ophan (Abyss:3)
  25 war gargoyles
  A spriggan defender (Depths:2)
  16 bennus
  10 ironheart preservers
  3 elemental wellsprings (Coc:7)
  8 green draconians
  26 stone giants
  6 deep elf demonologists
  16 vampire knights
  12 corrupters (Pan)
  8 black suns (Pan)
  11 black draconians
  An entropy weaver (Spider:4)
  12 lorocyprocas
  15 red draconians
  4 purple draconians
  8 yellow draconians
  7 deep elf annihilators
  4 spark wasps
  12 white draconians
  6 eidola
  2 merfolk impalers
  5 merfolk javelineers
  6 deep elf death magi
  7 fire dragons
  21 mummy priests
  7 jiangshi
  15 ettins
  6 quicksilver dragon zombies
  16 green deaths
  4 death oozes (Slime:5)
  21 blizzard demons
  Josephine (Orc:1)
  3 crystal guardians (Crypt:3)
  15 yaktaur captains
  29 ice dragons
  9 boulder beetles
  3 deep elf high priests
  17 great orbs of eyes
  4 hell beasts
  An ice dragon (shapeshifter) (Vaults:5)
  Erolcha (D:9)
  8 rakshasas
  6 spriggan air magi
  12 hydras
  A merfolk avatar (Shoals:4)
  34 vault guards
  3 quicksilver dragon skeletons
  2 monstrous demonspawn (Pan)
  4 ghost crabs
  14 ogre magi
  12 centaur warriors
  32 dancing weapons
  38 two-headed ogres
  4 death knights
  3 merfolk aquamancers (Shoals:4)
  An alligator snapping turtle (Shoals:4)
  43 death scarabs
  5 death yaks
  6 satyrs
  8 deep troll earth magi
  11 tengu warriors
  7 deep troll shamans
  14 vampire magi
  3 orc high priests (Orc:2)
  9 spriggan berserkers
  15 titan zombies
  16 thrashing horrors
  26 hell hogs
  10 iron golems
  Nergalle (Orc:1)
  44 hell knights
  10 storm dragon zombies
  45 soul eaters
  13 wretched stars
  6 titan skeletons
  15 iron trolls
  26 sixfirhies
  19 deep elf knights
  49 sun demons
  A fire crab (shapeshifter) (Vaults:4)
  168 skeletal warriors
  7 golden dragon zombies
  6 spatial maelstroms
  4 storm dragon skeletons
  3 salamander mystics (Depths:5)
  8 glowing orange brains
  A ghost moth zombie (Tar:7)
  An unseen horror (shapeshifter) (D:14)
  3 death drakes
  2 spark wasp zombies (Depths:2)
  2 glowing orange brains (shapeshifter) (Vaults:5)
  13 torturous demonspawn (Pan)
  8 sea snakes
  8 shadow wraiths
  An orange crystal statue (Depths:5)
  10 anaconda zombies
  A deep troll (shapeshifter) (Depths:2)
  3 death drakes (shapeshifter)
  8 bog bodies (Coc:7)
  47 starcursed masses
  5 gelid demonspawn (Pan)
  12 deep elf archers
  15 flayed ghosts
  6 unseen horrors
  An obsidian statue (Zot:5)
  7 infernal demonspawn (Pan)
  A lindwurm (Lair:6)
  12 wizards
  31 deep trolls
  18 shadow demons
  19 necromancers
  10 golden dragon skeletons
  18 ironbrand convokers
  2 sphinx zombies (Depths:3)
  11 orc knights
  An iron giant skeleton (Crypt:1)
  7 anaconda skeletons
  33 harpies
  51 ugly things
  A mana viper (shapeshifter) (Vaults:5)
  37 wolf spiders
  27 deep elf zephyrmancers
  24 phantasmal warriors
  10 stone giant zombies
  4 wolf spider zombies
  2 human zombies
  21 fauns
  6 salamanders (Depths:5)
  4 shining eyes
  3 will-o-the-wisps (Abyss:2)
  8 cyclopes
  5 shadow dragon zombies
  31 deep elf pyromancers
  9 frost giant zombies
  8 orc sorcerers
  18 moths of wrath
  3 draconians (Abyss:3)
  7 oklob plants
  12 manticores
  22 orb spiders
  A sphinx skeleton (Crypt:1)
  A cyclops (shapeshifter) (Vaults:5)
  7 shadow dragon skeletons
  5 tengu skeletons
  13 fire giant zombies
  9 frost giant skeletons
  54 rust devils
  5 worldbinders
  2 iron dragon skeletons
  8 iron dragon zombies
  4 stone giant skeletons
  6 black mambas
  A black mamba (shapeshifter) (D:15)
  An ice statue (Coc:7)
  11 merfolk sirens
  9 fire giant skeletons
  15 elephants
  21 orange demons
  3 eyes of devastation
  3 centaur zombies
  An apocalypse crab (Abyss:3)
  15 vault sentinels
  A guardian serpent (shapeshifter) (Elf:3)
  A storm dragon simulacrum (Coc:6)
  4 torpor snails
  10 dire elephant zombies
  An elephant slug zombie (Crypt:1)
  8 molten gargoyles (Geh:7)
  49 smoke demons
  4 water nymphs
  14 cane toads
  A gargoyle (D:15)
  4 emperor scorpion zombies
  37 hellions
  A shock serpent skeleton (Coc:7)
  A yaktaur zombie (Vaults:4)
  5 spectral swamp worms (Depths:2)
  A spriggan zombie (Depths:2)
  A white draconian zombie (Crypt:2)
  4 rime drakes
  A catoblepas zombie (Dis:2)
  4 centaur skeletons
  29 demonic crawlers
  53 tormentors
  3 elf zombies (Depths:3)
  3 kobold demonologists
  9 efreet
  A redback zombie (D:15)
  6 dire elephant skeletons
  Maggie (Lair:2)
  23 yaktaurs
  47 ice devils
  39 freezing wraiths
  5 tengu conjurers
  A ghost moth simulacrum (Coc:7)
  41 red devils
  11 komodo dragons
  2 catoblepas skeletons
  17 ancient zymes
  28 hellwings
  13 human skeletons
  40 guardian mummies
  4 harpy zombies
  7 trolls
  28 jumping spiders
  22 merfolk
  18 hydra zombies
  9 silent spectres
  6 polar bears
  A yaktaur skeleton (Vaults:3)
  Prince Ribbit (D:7)
  4 wind drakes
  2 queen bees
  3 meliai
  40 blink frogs
  7 hydra skeletons
  5 dream sheep
  6 fire dragon zombies
  21 hornets
  9 ice dragon zombies
  43 raiju
  8 ettin zombies
  3 harpy skeletons
  8 snapping turtles
  78 slime creatures
  6 alligator zombies
  70 large abominations
  5 ettin skeletons
  2 fire giant simulacra
  195 flying skulls
  Sigmund (D:5)
  5 air elementals
  69 shadows
  38 ynoxinuls
  A redback (shapeshifter) (Vaults:5)
  100 redbacks
  2 yaks (shapeshifter)
  20 spriggans
  37 wraiths
  A spriggan (shapeshifter) (Vaults:5)
  4 wyverns
  3 black mamba zombies
  10 fire dragon skeletons
  4 alligator skeletons
  37 tarantellas
  A wyvern (shapeshifter) (Elf:3)
  32 water elementals
  4 ice dragon skeletons
  22 ushabtiu
  50 yaks
  22 fire elementals
  A human (Vaults:4)
  3 basilisks
  A basilisk (shapeshifter) (Depths:3)
  2 black mamba skeletons
  9 fire bats
  Eustachio (D:4)
  20 chaos spawn
  28 neqoxecs
  10 golden eyes
  2 two-headed ogre zombies (D:10)
  2 soldier ants
  A torturous demonspawn zombie (Crypt:2)
  2 wargs
  3 swamp worms (shapeshifter)
  15 cane toad zombies
  7 hydra simulacra
  2 spatial vortices (Abyss:2)
  82 hell hounds
  11 cane toad skeletons
  15 water moccasins
  7 sky beasts
  A merfolk skeleton (Tar:7)
  7 snapping turtle zombies
  A floating eye (Depths:3)
  10 ice beasts
  A hornet zombie (D:15)
  23 orc warriors
  9 eyes of draining
  2 black bears (Lair:6)
  4 swamp dragon zombies
  35 necrophages
  32 wolves
  9 boggarts
  2 swamp dragon skeletons
  36 ogres
  5 snapping turtle skeletons
  9 centaurs
  A blink frog skeleton (Crypt:2)
  14 phantoms
  A kobold brigand (D:11)
  A wyvern zombie (D:12)
  14 bullfrogs
  A cyclops zombie (Crypt:2)
  3 earth elementals
  A palentonga skeleton (Crypt:2)
  A cane toad simulacrum (Coc:7)
  2 scorpions
  A water moccasin skeleton (Crypt:1)
  3 troll zombies
  35 killer bees
  A spriggan skeleton (Tar:2)
  5 howler monkeys
  124 wights
  5 electric eels
  6 crimson imps
  32 small abominations
  12 hounds
  6 quasits
  51 iron imps
  19 orc priests
  2 human simulacra
  7 jellies
  Jessica (D:2)
  A black bear skeleton (Crypt:1)
  An iguana (D:8)
  Natasha (twice) (D:2)
  22 orc wizards
  6 worker ants
  A killer bee zombie (Crypt:1)
  5 ogre zombies (D:10)
  A tengu zombie (Tar:7)
  An ogre skeleton (Dis:4)
  45 mummies
  A howler monkey zombie (D:7)
  Robin (D:1)
  A naga simulacrum (Tomb:1)
  A tengu simulacrum (Coc:7)
  An adder (shapeshifter) (Depths:3)
  13 adders
  8 river rats (D:5)
  14 shadow imps
  14 white imps
  9 ufetubi
  An ooze (D:3)
  An adder skeleton (D:4)
  3 worms
  A worm (shapeshifter) (Vaults:5)
  A barachi skeleton (Crypt:1)
  3 dart slugs
  3 leopard geckos
  70 orcs
  3 giant cockroaches
  14 goblins
  7 hobgoblins
  10 jackals
  10 quokkas
  A ball python skeleton (D:4)
  4 bats
  2 frilled lizards (D:1)
  2 goblin skeletons
  A goblin zombie (D:10)
  A hobgoblin skeleton (D:10)
  2 hobgoblin zombies (D:10)
  A jackal skeleton (D:4)
  12 kobolds
  3 orc skeletons
  18 orc zombies (D:10)
  22 rats
  4 lurking horrors
  8 starspawn tentacles
5507 creatures vanquished.

Vanquished Creatures (others)
  A balrug (Pan)
  An angel (Abyss:3)
  A faun (Shoals:4)
  A salamander (Depths:5)
  A shock serpent zombie (Abyss:3)
  A smoke demon (Pan)
  A tengu conjurer (Depths:3)
  A golden dragon simulacrum (Abyss:3)
  A merfolk (Shoals:3)
  A snapping turtle (Shoals:4)
  A flying skull (Abyss:2)
  A wraith (Abyss:3)
  A golden eye (Zot:5)
  A neqoxec (Abyss:2)
  2 hell hounds (Geh:7)
  2 ogres (Vaults:5)
  4 small abominations (Abyss:3)
  A jelly (D:15)
  An iron imp (Dis:7)
  2 white imps
  An orc (Orc:1)
  2 ball lightnings (Pan)
  4 demonic plants (Pan)
  9 foxfires (Abyss:2)
  34 fungi
  3 lurking horrors
  204 plants
  25 starspawn tentacles
308 creatures vanquished.

Grand Total: 5815 creatures vanquished

Notes
Turn   | Place    | Note
-------+----------+-------------------------------------------
     0 | D:1      | karrick the Gargoyle Gladiator began the quest for the Orb.
     0 | D:1      | Reached XP level 1. HP: 12/12 MP: 1/1
   134 | D:1      | Reached XP level 2. HP: 17/17 MP: 2/2
   856 | D:1      | Found a sparkling altar of Nemelex Xobeh.
   918 | D:1      | Reached XP level 3. HP: 21/22 MP: 3/3
   952 | D:1      | Reached skill level 1 in Armour
  1125 | D:2      | Noticed Jessica
  1125 | D:2      | Noticed Robin
  1355 | D:1      | Killed Robin
  1360 | D:1      | Reached XP level 4. HP: 9/27 MP: 4/4
  1584 | D:2      | Killed Jessica
  1948 | D:2      | Found a faded altar of an unknown god.
  2161 | D:2      | Noticed Natasha
  2165 | D:2      | Killed Natasha
  2166 | D:2      | Reached XP level 5. HP: 32/32 MP: 5/5
  2482 | D:2      | Noticed Natasha
  2493 | D:2      | Killed Natasha
  3351 | D:4      | Noticed Eustachio
  3362 | D:5      | Entered Level 5 of the Dungeon
  3366 | D:5      | Noticed Sigmund
  3395 | D:5      | Found a shimmering altar of Xom.
  3448 | D:5      | Noticed a sky beast
  3470 | D:5      | Reached XP level 6. HP: 36/37 MP: 6/6
  3492 | D:5      | Killed a sky beast
  3493 | D:5      | Reached skill level 5 in Maces & Flails
  4054 | D:4      | Killed Eustachio
  4055 | D:4      | Reached XP level 7. HP: 37/41 MP: 7/7
  4204 | D:6      | Found a stormy altar of Qazlal.
  4294 | D:6      | Found Bolemuum's Book Emporium.
  4416 | D:6      | Reached skill level 1 in Stealth
  4416 | D:6      | Reached XP level 8. HP: 43/48 MP: 8/8
  4844 | D:6      | You fall into a shaft and drop 1 floor!
  4932 | D:7      | Found a staircase to the Ecumenical Temple.
  4941 | Temple   | Entered the Ecumenical Temple
  5205 | Temple   | Became a worshipper of Warmaster Okawaru
  5494 | D:7      | Reached skill level 5 in Armour
  5981 | D:7      | Reached * piety under Okawaru
  5985 | D:7      | Reached XP level 9. HP: 31/52 MP: 9/9
  6153 | D:7      | Noticed Prince Ribbit
  6174 | D:7      | Killed Prince Ribbit
  6175 | D:7      | Reached skill level 5 in Fighting
  6351 | D:6      | Found an ornate altar of the Wu Jian Council.
  6450 | D:6      | Found a hazy altar of Hepliaklqana.
  6868 | D:5      | Killed Sigmund
  6926 | D:5      | Found a shadowy altar of Dithmenos.
  6981 | D:5      | Found a glowing silver altar of Zin.
  7129 | D:5      | Reached ** piety under Okawaru
  7511 | D:8      | Found a bloodstained altar of Trog.
  7611 | D:8      | Reached skill level 10 in Maces & Flails
  8037 | D:9      | Noticed a four-headed hydra
  8346 | D:9      | Noticed Erolcha
  8432 | D:9      | Reached XP level 10. HP: 60/60 MP: 10/10
  8610 | D:10     | Entered Level 10 of the Dungeon
  8734 | D:10     | Found a staircase to the Orcish Mines.
  8767 | D:10     | Reached *** piety under Okawaru
  9005 | D:10     | Reached skill level 1 in Shields
  9153 | D:9      | Killed a four-headed hydra
  9472 | D:11     | Noticed a two-headed ogre
  9912 | D:12     | Reached **** piety under Okawaru
 10114 | D:12     | Reached XP level 11. HP: 27/67 MP: 11/11
 10391 | D:12     | Found Bilim's Armour Emporium.
 10412 | D:12     | Noticed a boulder beetle
 10438 | D:13     | Noticed a centaur warrior
 10448 | D:13     | Killed a centaur warrior
 10673 | D:13     | Reached ***** piety under Okawaru
 11690 | D:13     | Reached skill level 5 in Stealth
 12384 | D:11     | Identified the +1 plate armour of Okawaru's Fury {rCorr
                  | Int+2 Dex+4} (Okawaru gifted it to you on level 11 of the
                  | Dungeon)
 12384 | D:11     | Received a gift from Okawaru
 12965 | D:11     | Killed a two-headed ogre
 13093 | D:11     | Killed an unseen horror
 13094 | D:11     | Reached XP level 12. HP: 72/75 MP: 12/12
 13289 | D:11     | Found Rereohom's Distillery.
 13595 | D:9      | Cast into level 1 of the Abyss (Erolcha)
 13658 | Abyss:1  | Noticed a starcursed mass
 13669 | D:9      | Escaped the Abyss
 13672 | D:9      | Killed Erolcha
 13975 | D:10     | Found a staircase to the Lair.
 14023 | D:10     | Reached skill level 10 in Armour
 14245 | D:10     | Identified the +6 dagger of Sloth {vorpal, *Drain +Fly
                  | rElec Int-3}
 14327 | D:10     | Noticed a two-headed ogre
 14336 | D:10     | Killed a two-headed ogre
 14731 | Lair:1   | Entered Level 1 of the Lair of Beasts
 15034 | Lair:1   | Received a gift from Okawaru
 15538 | Lair:1   | Noticed a seven-headed hydra
 16133 | Lair:2   | Found a staircase to the Shoals.
 16341 | Lair:2   | Reached skill level 10 in Fighting
 16457 | Lair:2   | Identified Sif Muna's Volume of Poisoning and the Birds
 16658 | Lair:2   | Noticed Maggie
 16850 | Lair:3   | Noticed a four-headed hydra
 16858 | Lair:3   | Killed a one-headed hydra
 16859 | Lair:3   | Reached XP level 13. HP: 81/82 MP: 13/13
 16912 | Lair:3   | Received a gift from Okawaru
 17000 | Lair:3   | Reached ****** piety under Okawaru
 17001 | Lair:3   | Reached skill level 1 in Long Blades
 18515 | Lair:4   | Reached skill level 5 in Shields
 19338 | Lair:4   | Found a hole to the Spider Nest.
 19341 | Lair:4   | Identified the ring of Noon {rPois rC+ Str+6 Int-4 Dex+3}
 19412 | Lair:4   | Received a gift from Okawaru
 19772 | Lair:4   | Received a gift from Okawaru
 20651 | Lair:5   | Gained mutation: Your large and strong wings let you fly
                  | indefinitely. [Gargoyle growth]
 20651 | Lair:5   | Reached XP level 14. HP: 84/92 MP: 11/14
 20684 | Lair:5   | Reached skill level 15 in Maces & Flails
 21014 | Lair:5   | Reached skill level 1 in Invocations
 21186 | Lair:5   | Found a viscous altar of Jiyva.
 21187 | Lair:5   | Found a staircase to the Slime Pits.
 22099 | Lair:6   | Entered Level 6 of the Lair of Beasts
 22099 | Lair:6   | Found a shimmering altar of Xom.
 22130 | Lair:6   | Received a gift from Okawaru
 24018 | Lair:6   | Reached XP level 15. HP: 99/99 MP: 18/18
 24699 | Lair:6   | Reached skill level 5 in Invocations
 25016 | Lair:2   | Killed Maggie
 25016 | Lair:2   | Received a gift from Okawaru
 25646 | D:12     | Bought the +4 moon troll leather armour {Spirit, Regen++
                  | MP+5} for 817 gold pieces
 25646 | D:12     | Found the +4 moon troll leather armour {Spirit, Regen++
                  | MP+5}
 26342 | D:14     | Found a gate to the Vaults.
 26730 | D:15     | Entered Level 15 of the Dungeon
 26900 | D:15     | Found Hummesec's Antique Weapon Shop.
 27049 | D:15     | Received a gift from Okawaru
 27228 | D:15     | Reached skill level 10 in Shields
 27388 | D:15     | Identified the +1 scale mail "Quirox" {rC+} (Okawaru gifted
                  | it to you on level 15 of the Dungeon)
 27388 | D:15     | Received a gift from Okawaru
 27925 | D:15     | Found a staircase to the Depths.
 28035 | D:14     | Reached XP level 16. HP: 106/106 MP: 21/21
 28095 | D:14     | Found a glowing golden altar of the Shining One.
 28343 | Orc:1    | Entered Level 1 of the Orcish Mines
 28352 | Orc:1    | Noticed Nergalle
 28393 | Orc:1    | Killed Nergalle
 28680 | Orc:2    | Entered Level 2 of the Orcish Mines
 28681 | Orc:2    | Paralysed by an orc sorcerer for 3 turns
 28683 | Orc:2    | Noticed Josephine
 28801 | Orc:1    | Killed Josephine
 29118 | Orc:1    | Found a bloodstained altar of Trog.
 29494 | Orc:2    | Found Wogidgh's General Store.
 29700 | Orc:2    | Paralysed by an orc sorcerer for 4 turns
 29727 | Orc:2    | Found a staircase to the Elven Halls.
 30108 | Orc:2    | Found Zaeqoema's Book Shop.
 30109 | Orc:2    | Found Qiutt's General Store.
 30125 | Orc:2    | Found Kocemuoq's Jewellery Shoppe.
 30132 | Orc:2    | Bought a scroll of identify for 22 gold pieces
 30161 | Orc:2    | Bought an amulet of faith for 600 gold pieces
 30447 | Spider:1 | Entered Level 1 of the Spider Nest
 30566 | Spider:1 | Identified the +0 pair of gloves of Winter {rF+ rC+}
                  | (Okawaru gifted it to you on level 1 of the Spider Nest)
 30566 | Spider:1 | Received a gift from Okawaru
 31006 | Spider:1 | Noticed Rupert
 31390 | Spider:2 | Received a gift from Okawaru
 31680 | Spider:2 | Reached XP level 17. HP: 112/112 MP: 23/23
 32021 | Spider:3 | Identified the +9 short sword "Xoyts" {venom, rPois rF+}
 32228 | Spider:2 | Identified the +3 broad axe of Resourcefulness {vamp,
                  | *Corrode rPois Dex+4} (Okawaru gifted it to you on level 2
                  | of the Spider Nest)
 32228 | Spider:2 | Received a gift from Okawaru
 32445 | Spider:3 | Noticed Mara
 32451 | Spider:3 | Noticed karrick's illusion
 32662 | Spider:3 | Reached skill level 15 in Fighting
 32758 | Spider:4 | Entered Level 4 of the Spider Nest
 32894 | Spider:3 | Noticed karrick's illusion
 32920 | Spider:4 | Noticed Arachne
 33095 | Spider:3 | Noticed karrick's illusion
 33208 | Spider:1 | Paralysed by Rupert for 2 turns
 33222 | Spider:1 | Killed Rupert
 33397 | Spider:1 | Received a gift from Okawaru
 33644 | Spider:1 | Noticed Agnes
 33654 | Spider:1 | Killed Agnes
 34298 | Spider:3 | Reached skill level 10 in Stealth
 34392 | Spider:4 | Killed Arachne
 34392 | Spider:4 | Received a gift from Okawaru
 34524 | Spider:4 | Received a gift from Okawaru
 34955 | Spider:4 | Reached skill level 10 in Invocations
 35000 | Spider:4 | Received a gift from Okawaru
 35121 | Spider:4 | Reached XP level 18. HP: 120/120 MP: 5/25
 35190 | Spider:4 | Reached skill level 15 in Armour
 35252 | Spider:4 | Received a gift from Okawaru
 35427 | Spider:4 | Got a gossamer rune of Zot
 36606 | Spider:3 | Killed Mara
 36835 | Spider:3 | Received a gift from Okawaru
 37115 | Lair:1   | Identified 3 scrolls of acquirement
 37572 | Shoals:1 | Entered Level 1 of the Shoals
 37766 | Shoals:1 | Noticed Aizul
 37781 | Shoals:1 | Killed Aizul
 37832 | Shoals:1 | Identified the +3 battleaxe of an ossuary {pain, Will+}
 38935 | Shoals:2 | Received a gift from Okawaru
 39543 | Shoals:3 | Reached XP level 19. HP: 125/125 MP: 27/27
 39607 | Shoals:3 | Cast into level 2 of the Abyss (merfolk)
 39607 | Abyss:2  | Found a corrupted altar of Lugonu.
 39893 | Abyss:2  | Identified the +3 mace "Owkorph" {venom, rPois rF+ rN+
                  | MP+9} (Okawaru gifted it to you on level 2 of the Abyss)
 39893 | Abyss:2  | Received a gift from Okawaru
 39968 | Abyss:2  | Found a corrupted altar of Lugonu.
 40048 | Abyss:2  | Found a corrupted altar of Lugonu.
 40218 | Abyss:2  | Found a corrupted altar of Lugonu.
 40362 | Shoals:3 | Escaped the Abyss
 40916 | Shoals:4 | Entered Level 4 of the Shoals
 41076 | Shoals:4 | Received a gift from Okawaru
 41164 | Shoals:4 | Reached skill level 1 in Axes
 41337 | Shoals:4 | Got a barnacled rune of Zot
 41486 | Shoals:4 | Found Biasim's Assorted Antiques.
 41620 | Shoals:4 | Identified the +8 dire flail of Circularity {drain, rC+
                  | Will++ Int-2 Dex-3} (Okawaru gifted it to you on level 4 of
                  | the Shoals)
 41620 | Shoals:4 | Received a gift from Okawaru
 41864 | Shoals:4 | Reached skill level 15 in Shields
 42325 | Vaults:1 | Entered Level 1 of the Vaults
 42332 | Vaults:1 | Found Suigheon's Book Boutique.
 42476 | Vaults:1 | Found a portal to a secret trove of treasure.
 43285 | Vaults:1 | Identified the +7 mace of Forced Transition {flame, Str+3}
                  | (Okawaru gifted it to you on level 1 of the Vaults)
 43285 | Vaults:1 | Received a gift from Okawaru
 43569 | Vaults:2 | Reached XP level 20. HP: 87/133 MP: 15/29
 43652 | Vaults:2 | Received a gift from Okawaru
 44011 | Vaults:2 | Cast into level 2 of the Abyss (a deep elf sorcerer)
 44223 | Abyss:2  | Received a gift from Okawaru
 44229 | Abyss:2  | Paralysed by accursed screaming for 1 turns
 44349 | Abyss:2  | Received a gift from Okawaru
 44512 | Vaults:2 | Escaped the Abyss
 44871 | Vaults:2 | Paralysed by an ogre mage for 2 turns
 45688 | Vaults:3 | Received a gift from Okawaru
 45699 | Vaults:3 | Identified the +4 glaive "Ucixerap" {flame, rC- rN+ Int+3
                  | Dex+6}
 45730 | Vaults:3 | Found Guha's Antique Weapon Boutique.
 45738 | Vaults:3 | Bought a crude morningstar for 387 gold pieces
 45738 | Vaults:3 | Identified the +6 morningstar of Gluttony {protect, +Fly
                  | Str+3 Stlth-} (You bought it in a shop on level 3 of the
                  | Vaults)
 45800 | Vaults:3 | Reached skill level 5 in Axes
 45827 | Vaults:3 | Reached XP level 21. HP: 140/140 MP: 25/30
 46092 | Vaults:3 | Found a staircase to the Crypt.
 46246 | Vaults:3 | Received a gift from Okawaru
 46360 | Vaults:3 | Identified the +6 morningstar of the Puffin {vamp, rPois
                  | rC+} (Okawaru gifted it to you on level 3 of the Vaults)
 46360 | Vaults:3 | Received a gift from Okawaru
 46886 | Crypt:1  | Entered Level 1 of the Crypt
 47583 | Crypt:2  | Paralysed by a vampire knight for 3 turns
 47774 | Crypt:2  | Identified the +7 broad axe of Noon {vorpal, MP+9 Str+2
                  | SInv Stlth+} (Okawaru gifted it to you on level 2 of the
                  | Crypt)
 47774 | Crypt:2  | Received a gift from Okawaru
 47780 | Crypt:2  | Paralysed by a vampire knight for 4 turns
 48007 | Crypt:3  | Entered Level 3 of the Crypt
 48212 | Crypt:3  | Received a gift from Okawaru
 48582 | Crypt:3  | Paralysed by a vampire knight for 6 turns
 48741 | Crypt:3  | Reached XP level 22. HP: 145/147 MP: 31/32
 48870 | Crypt:3  | Identified the +2 mace of Extinguishment {vorpal, Will-
                  | Int+5}
 48886 | Crypt:3  | Identified the +5 great sword of Red Guilt {freeze, Str+5}
 48906 | Crypt:3  | Noticed a dread lich
 48914 | Crypt:3  | Killed a dread lich
 48951 | Crypt:3  | Identified the Incunabulum of Stolen Souls
 48953 | Crypt:3  | Identified the +4 robe of the Distant Future {rPois rC++
                  | rN+ Int+3}
 49233 | Crypt:3  | Found a staircase to the Tomb.
 49333 | Crypt:3  | Received a gift from Okawaru
 50727 | Vaults:4 | Received a gift from Okawaru
 51996 | Elf:1    | Entered Level 1 of the Elven Halls
 52212 | Elf:1    | Reached XP level 23. HP: 146/153 MP: 34/34
 53027 | Elf:2    | Found Oqydefai's General Store.
 53045 | Elf:2    | Found a runed translucent gate.
 53046 | Elf:2    | Found a runed translucent gate.
 53046 | Elf:2    | Found a runed translucent gate.
 53096 | Elf:2    | Bought a scroll of blinking for 90 gold pieces
 53236 | Elf:2    | Reached skill level 15 in Stealth
 53247 | Elf:2    | Identified the +9 morningstar "Hell-Harrower" {holy,
                  | Fragile rC+++ rN++ MP-9} (Okawaru gifted it to you on level
                  | 2 of the Elven Halls)
 53247 | Elf:2    | Received a gift from Okawaru
 53592 | Elf:2    | Reached skill level 15 in Invocations
 54003 | Elf:3    | Entered Level 3 of the Elven Halls
 54127 | Elf:3    | Found Foveggipn's Assorted Antiques.
 54127 | Elf:3    | Found Zoxuh's Magic Scroll Emporium.
 54148 | Elf:3    | Bought a scroll of teleportation for 63 gold pieces
 54148 | Elf:3    | Bought a scroll of blinking for 157 gold pieces
 54148 | Elf:3    | Bought a scroll of enchant weapon for 157 gold pieces
 54148 | Elf:3    | Bought a scroll of teleportation for 63 gold pieces
 54148 | Elf:3    | Bought a scroll of magic mapping for 73 gold pieces
 54148 | Elf:3    | Bought a scroll of teleportation for 63 gold pieces
 54348 | Elf:3    | Received a gift from Okawaru
 54669 | Elf:3    | Cast into level 3 of the Abyss (a deep elf demonologist)
 54817 | Elf:3    | Escaped the Abyss
 54852 | Elf:3    | Cast into level 2 of the Abyss (a deep elf sorcerer)
 55146 | Elf:3    | Escaped the Abyss
 55188 | Elf:3    | Cast into level 2 of the Abyss (a deep elf sorcerer)
 55200 | Elf:3    | Escaped the Abyss
 55210 | Elf:3    | Received a gift from Okawaru
 55335 | Elf:3    | Identified Midommut's Guide on Black Rituals and the
                  | Mountains
 55421 | Elf:3    | Identified the +4 spear "Neiw" {vorpal, Dex+4}
 55425 | Elf:3    | Identified the +8 long sword of Entrepreneurial Spirit
                  | {vorpal, Dex+2}
 55431 | Elf:3    | Identified the ring "Giroesyxt" {Str+6 Dex+4}
 55432 | Elf:3    | Identified the +11 morningstar of the Pillar {freeze, rC++}
 55551 | Elf:3    | Identified the +1 hand crossbow of the Vine {venom, *Drain
                  | rF+ Str+3}
 55561 | Elf:3    | Acquired the +2 shield of Resistance {rF++ rC++ Will++}
 55562 | Elf:3    | Found the +2 shield of Resistance {rF++ rC++ Will++}
 55941 | Depths:1 | Entered Level 1 of the Depths
 55941 | Depths:1 | Found a one-way gate to the infinite horrors of the Abyss.
 55941 | Depths:1 | Found a one-way gate leading to the halls of Pandemonium.
 55941 | Depths:1 | Noticed Roxanne
 55959 | D:15     | Reached XP level 24. HP: 159/161 MP: 33/34
 56062 | Depths:1 | Killed Roxanne
 56208 | Depths:1 | Identified the +2 helmet "Paelih" {rF+ SInv} (Okawaru
                  | gifted it to you on level 1 of the Depths)
 56208 | Depths:1 | Received a gift from Okawaru
 56740 | Depths:1 | Found the +8 storm bow {elec, penet}
 56741 | Depths:1 | Found a gateway to Hell.
 57017 | Depths:2 | Found Vaysk's Antique Armour Shoppe.
 57028 | Depths:2 | Found Jyqymu Mene's Magic Scroll Boutique.
 57038 | Depths:2 | Bought a scroll of teleportation for 69 gold pieces
 57038 | Depths:2 | Bought a scroll of teleportation for 69 gold pieces
 57038 | Depths:2 | Acquired 1054 gold pieces
 57041 | Depths:2 | Acquired the +4 storm dragon scales of the Slightly Bent
                  | {rElec rPois Dex+7}
 57043 | Depths:2 | Bought a scroll of acquirement for 1196 gold pieces
 57043 | Depths:2 | Bought a scroll of acquirement for 1196 gold pieces
 57305 | Depths:2 | You fall into a shaft and drop 2 floors!
 57337 | Depths:4 | Found Zuere's Jewellery Shop.
 57445 | Depths:4 | Found a gateway to a ziggurat.
 57558 | Depths:4 | Identified the +2 hat of Voaddedaen {Rampage +Fly rC-
                  | Str+5} (Okawaru gifted it to you on level 4 of the Depths)
 57558 | Depths:4 | Received a gift from Okawaru
 57560 | Depths:4 | Noticed a caustic shrike
 57587 | Depths:4 | Killed a caustic shrike
 57614 | Depths:5 | Entered Level 5 of the Depths
 57693 | Depths:5 | Noticed Jory
 57733 | Depths:5 | Killed Jory
 57923 | Depths:5 | Found a gate to the Realm of Zot.
 58084 | Depths:5 | Reached XP level 25. HP: 168/168 MP: 29/35
 58121 | Depths:5 | Received a gift from Okawaru
 58449 | Depths:5 | Identified the Reference Book on Fetching Lightness
 58724 | Depths:5 | Found Gonyut's Jewellery Shop.
 58724 | Depths:5 | Found Zarap's Book Emporium.
 58725 | Depths:5 | Found Pomneera's Book Emporium.
 59359 | Depths:3 | Received a gift from Okawaru
 60223 | Depths:3 | Identified the +5 scale mail of the Quahog {rCorr Dex+3
                  | Slay+5} (Okawaru gifted it to you on level 3 of the Depths)
 60223 | Depths:3 | Received a gift from Okawaru
 60487 | Depths:3 | Noticed a juggernaut
 60731 | Depths:3 | Identified the +1 whip of the Heavens {vorpal, rElec rF+
                  | Str+3 SInv}
 60780 | Depths:3 | Noticed Bai Suzhen
 60806 | Depths:3 | Killed Bai Suzhen
 61016 | Depths:3 | Reached XP level 26. HP: 168/176 MP: 35/35
 61067 | Depths:3 | Identified Ateifoess's Catalogue of Heat
 61086 | Depths:3 | Identified the +6 rapier of Prudence {vorpal, rElec rC+
                  | Will++ Int-3}
 61146 | Depths:3 | Killed a juggernaut
 61743 | Depths:4 | Identified the +0 chain mail "Fieqe" {rPois SInv} (Okawaru
                  | gifted it to you on level 4 of the Depths)
 61743 | Depths:4 | Received a gift from Okawaru
 61826 | Depths:2 | Noticed a juggernaut
 61869 | Depths:2 | Killed a juggernaut
 62049 | Depths:2 | Identified the amulet "Vevurein" {RegenMP Str+3}
 62153 | Depths:2 | Paralysed by a floating eye for 4 turns
 62321 | Depths:2 | Received a gift from Okawaru
 62438 | Depths:2 | Identified the +9 glaive "Tyqiuw" {antimagic, +Inv}
 62836 | Depths:2 | Found the +7 Singing Sword {vorpal, sonic wave}
 62932 | Depths:2 | Found Quyfo's Magic Scroll Emporium.
 63138 | Depths:2 | Found Fiuxuu's Distillery.
 63154 | Depths:2 | Bought a potion of heal wounds for 95 gold pieces
 63492 | Slime:1  | Entered Level 1 of the Pits of Slime
 63495 | Slime:1  | Reached XP level 27. HP: 182/182 MP: 35/35
 63912 | Vaults:5 | Entered Level 5 of the Vaults
 63981 | Vaults:5 | Received a gift from Okawaru
 64325 | Vaults:5 | Received a gift from Okawaru
 64438 | Vaults:5 | Identified the +0 robe of Okawaru's Reproof {rF+ Dex+3}
 64477 | Vaults:5 | Identified the +0 pair of boots of the Harvest {rElec rCorr
                  | Dex+3 Slay+2} (Okawaru gifted it to you on level 5 of the
                  | Vaults)
 64477 | Vaults:5 | Received a gift from Okawaru
 64712 | Vaults:5 | Identified Gatotis's Handbook of Enchanting Unholy Rituals
 64755 | Vaults:5 | Found the +5 scythe "Finisher" {speed, eviscerate}
 65060 | Vaults:5 | Identified the +7 long sword of Zotishicw {freeze, rN+
                  | Will+ Str+4}
 65084 | Vaults:5 | Noticed a dread lich
 65099 | Vaults:5 | Killed a dread lich
 65102 | Vaults:5 | Noticed a dread lich
 65130 | Vaults:5 | Killed a dread lich
 65130 | Vaults:5 | Received a gift from Okawaru
 65172 | Vaults:5 | Received a gift from Okawaru
 65430 | Vaults:5 | Got a silver rune of Zot
 66697 | Slime:1  | Gained mutation: You tend to lose your temper in combat. [a
                  | shining eye]
 67270 | Slime:3  | Gained mutation: You are weak. (Str -2) [a shining eye]
 67272 | Slime:3  | Gained mutation: You are clumsy. (Dex -2) [a shining eye]
 67276 | Slime:3  | Gained mutation: Your spells are a little easier to cast,
                  | but a little less powerful. [a shining eye]
 67475 | Slime:5  | Entered Level 5 of the Pits of Slime
 67535 | Slime:5  | Received a gift from Okawaru
 67912 | Slime:5  | Noticed the Royal Jelly
 67919 | Slime:5  | Found a viscous altar of Jiyva.
 67952 | Slime:5  | Found the +4 robe of Augmentation {Str+4 Int+4 Dex+4}
 68230 | Slime:5  | Killed the Royal Jelly
 68230 | Slime:5  | Received a gift from Okawaru
 68267 | Slime:5  | Identified the +11 demon blade of Laceration {vorpal, rN+
                  | Int-3 SInv Stlth+}
 68312 | Slime:5  | Got a slimy rune of Zot
 68313 | Slime:5  | Identified the +0 ring mail of the Maze {rElec Str+2}
 68346 | Slime:5  | Identified the ring of the Garden {rF+ Str+2 Dex+5}
 68529 | Lair:5   | Lost mutation: You tend to lose your temper in combat.
                  | [potion of mutation]
 68529 | Lair:5   | Lost mutation: You are clumsy. (Dex -2) [potion of
                  | mutation]
 68529 | Lair:5   | Lost mutation: Your spells are a little easier to cast, but
                  | a little less powerful. [potion of mutation]
 68529 | Lair:5   | Lost mutation: You are weak. (Str -2) [potion of mutation]
 68529 | Lair:5   | Gained mutation: Your spells are a little harder to cast,
                  | but a little more powerful. [potion of mutation]
 68529 | Lair:5   | Gained mutation: Your mind is acute. (Int +2) [potion of
                  | mutation]
 68529 | Lair:5   | Gained mutation: Your muscles are strong. (Str +2) [potion
                  | of mutation]
 68782 | Vaults:1 | You showed the slimy rune of Zot to enter a treasure trove
 68783 | Trove    | Entered a treasure trove
 68878 | Vaults:1 | Reached skill level 1 in Ice Magic
 68878 | Vaults:1 | Reached skill level 1 in Earth Magic
 69091 | Hell     | Entered the Vestibule of Hell
 69170 | Hell     | Noticed Geryon
 69181 | Hell     | Killed Geryon
 69205 | Hell     | Found a gateway to the freezing wastes of Cocytus.
 69882 | Hell     | Found a gateway to the ashen valley of Gehenna.
 70023 | Hell     | Found a gateway to the decaying netherworld of Tartarus.
 70184 | Hell     | Found a gateway to the Iron City of Dis.
 70454 | Depths:5 | Bought a manual of Evocations for 1987 gold pieces
 70458 | Depths:5 | Bought a manual of Invocations for 2097 gold pieces
 70519 | Depths:4 | Voluntarily entered the Abyss.
 70546 | Abyss:1  | Reached skill level 1 in Evocations
 70638 | Abyss:1  | Identified the +8 chain mail of karrick's Tenacity {+Inv
                  | Regen+} (Okawaru gifted it to you on level 1 of the Abyss)
 70638 | Abyss:1  | Received a gift from Okawaru
 70787 | Abyss:1  | Identified the +1 plate armour of the Abyss {Rampage Dex+4
                  | SInv}
 72307 | Abyss:3  | Received a gift from Okawaru
 72309 | Abyss:3  | Noticed a dread lich
 72319 | Abyss:3  | Killed a dread lich
 72321 | Abyss:3  | Paralysed by accursed screaming for 1 turns
 72336 | Abyss:3  | Paralysed by accursed screaming for 1 turns
 72400 | Abyss:3  | Gained mutation: Scrolls take you a little longer to read.
                  | [a neqoxec]
 72425 | Abyss:3  | Received a gift from Okawaru
 72469 | Abyss:3  | Reached skill level 5 in Evocations
 72478 | Abyss:3  | Found a transporter.
 72535 | Abyss:3  | Found a transporter.
 72557 | Abyss:3  | Got an abyssal rune of Zot
 72565 | Abyss:3  | Found a transporter.
 72616 | Depths:4 | Escaped the Abyss
 72760 | Coc:1    | Entered Level 1 of Cocytus
 73355 | Coc:3    | Received a gift from Okawaru
 73636 | Coc:7    | Entered Level 7 of Cocytus
 74347 | Coc:7    | Received a gift from Okawaru
 74429 | Coc:7    | Received a gift from Okawaru
 74559 | Coc:7    | Identified the +4 short sword "Concordance" {vorpal, Str+4}
 74915 | Coc:7    | Noticed Antaeus
 74954 | Coc:7    | Killed Antaeus
 74982 | Coc:7    | Got an icy rune of Zot
 74989 | Coc:7    | Identified the +1 long sword "Ixeroga" {holy, Will+ Stlth+}
 75118 | Dis:1    | Entered Level 1 of the Iron City of Dis
 75201 | Dis:1    | Received a gift from Okawaru
 76512 | Dis:2    | Identified the +0 ring mail "Baunyzaa" {Rampage rElec rC+}
                  | (Okawaru gifted it to you on level 2 of the Iron City of
                  | Dis)
 76512 | Dis:2    | Received a gift from Okawaru
 76526 | Dis:2    | Acquired the amulet "Gocunye" {Regen+ Dex+4}
 76553 | Dis:2    | Acquired a manual of Evocations
 76556 | Dis:2    | Acquired a manual of Throwing
 76559 | Dis:2    | Acquired the ring "Toschyku" {rF- rC++ AC+4 Str+3 Int+4}
 77185 | Dis:4    | Reached skill level 10 in Evocations
 77580 | Dis:4    | Received a gift from Okawaru
 77893 | Dis:7    | Entered Level 7 of the Iron City of Dis
 78241 | Dis:7    | Received a gift from Okawaru
 78751 | Dis:7    | Received a gift from Okawaru
 78978 | Dis:7    | Identified the quicksilver dragon scales of Good Intentions
                  | {rC+ Will+} (Okawaru gifted it to you on level 7 of the
                  | Iron City of Dis)
 78978 | Dis:7    | Received a gift from Okawaru
 79313 | Dis:7    | Identified the +1 longbow of the Desert {vorpal, rPois}
 79610 | Dis:7    | Identified the +6 short sword of Moneum {flame, Str+10
                  | Dex-5}
 79804 | Dis:7    | Found the +4 staff of Dispater
 79804 | Dis:7    | Noticed Dispater
 79836 | Dis:7    | Killed Dispater
 79836 | Dis:7    | Received a gift from Okawaru
 79876 | Dis:7    | Got an iron rune of Zot
 80168 | Geh:1    | Entered Level 1 of Gehenna
 80244 | Geh:1    | Received a gift from Okawaru
 80707 | Geh:4    | Identified the +0 ring mail "Muthoise" {rN++} (Okawaru
                  | gifted it to you on level 4 of Gehenna)
 80707 | Geh:4    | Received a gift from Okawaru
 81072 | Geh:7    | Entered Level 7 of Gehenna
 81685 | Geh:7    | Identified the +2 hat of the Shining Light {rC+} (Okawaru
                  | gifted it to you on level 7 of Gehenna)
 81685 | Geh:7    | Received a gift from Okawaru
 81908 | Geh:7    | Identified Sif Muna's Handbook of the Rocks and
                  | Weightlessness
 82249 | Geh:7    | Found the +5 sword of Power {vorpal}
 82332 | Geh:7    | Found the +7 sceptre of Asmodeus
 82332 | Geh:7    | Noticed Asmodeus
 82345 | Geh:7    | Killed Asmodeus
 82345 | Geh:7    | Received a gift from Okawaru
 82377 | Geh:7    | Identified the ring "Oklatidu" {rPois Dex-5 Slay+5}
 82379 | Geh:7    | Got an obsidian rune of Zot
 82387 | Geh:7    | Identified the +9 arbalest of the Omega Point {penet,
                  | Dex+5}
 82583 | Tar:1    | Entered Level 1 of Tartarus
 83395 | Tar:3    | Received a gift from Okawaru
 83678 | Tar:3    | Identified the +6 crystal plate armour "Ykles" {rN+}
                  | (Okawaru gifted it to you on level 3 of Tartarus)
 83678 | Tar:3    | Received a gift from Okawaru
 83802 | Tar:3    | Reached skill level 15 in Evocations
 84598 | Tar:6    | Identified the +4 chain mail of the Sun {Str+3 SInv}
                  | (Okawaru gifted it to you on level 6 of Tartarus)
 84598 | Tar:6    | Received a gift from Okawaru
 84723 | Tar:7    | Entered Level 7 of Tartarus
 84747 | Tar:7    | Noticed a dread lich
 84758 | Tar:7    | Killed a dread lich
 84851 | Tar:7    | Noticed a dread lich
 84864 | Tar:7    | Killed a dread lich
 85168 | Tar:7    | Identified the +7 eveningstar of Gozag's Inspiration
                  | {freeze, *Rage +Fly rC+ Stlth+}
 85196 | Tar:7    | Found the +7 pair of quick blades "Gyre" and "Gimble"
                  | {protect}
 85256 | Tar:7    | Identified the +7 mace "Reloo" {flame, Dex+4} (Okawaru
                  | gifted it to you on level 7 of Tartarus)
 85256 | Tar:7    | Received a gift from Okawaru
 85291 | Tar:7    | Reached skill level 27 in Shields
 85551 | Tar:7    | Noticed an ancient lich
 85559 | Tar:7    | Killed an ancient lich
 85737 | Tar:7    | Received a gift from Okawaru
 85751 | Tar:7    | Identified the ring of Genuov {rPois rN+ Will+ Int+6}
 85757 | Tar:7    | Identified the +1 falchion of Classification {freeze, rN+
                  | Int+3 Stlth+}
 86023 | Tar:7    | Identified the Reference Book on Arcane Weapons
 86041 | Tar:7    | Found the +6 arbalest "Damnation" {damnation}
 86186 | Tar:7    | Noticed Ereshkigal
 86299 | Tar:7    | Killed Ereshkigal
 86299 | Tar:7    | Identified the +7 hand axe of Eternal Night {distort, rElec
                  | rN+ Int+3} (Okawaru gifted it to you on level 7 of
                  | Tartarus)
 86299 | Tar:7    | Received a gift from Okawaru
 86342 | Tar:7    | Got a bone rune of Zot
 86774 | Zot:1    | Entered Level 1 of the Realm of Zot
 87316 | Zot:1    | Identified the +6 hand crossbow of Responsibility {vorpal,
                  | Will+} (Okawaru gifted it to you on level 1 of the Realm of
                  | Zot)
 87316 | Zot:1    | Received a gift from Okawaru
 87881 | Zot:2    | Noticed an orb of fire
 88417 | Zot:2    | Received a gift from Okawaru
 88825 | Zot:3    | Reached skill level 27 in Maces & Flails
 89608 | Zot:3    | Learned a level 2 spell: Passwall
 89611 | Zot:3    | Learned a level 2 spell: Blink
 89614 | Zot:3    | Learned a level 2 spell: Swiftness
 89718 | Zot:3    | Received a gift from Okawaru
 89917 | Depths:2 | Bought a scroll of magic mapping for 80 gold pieces
 89917 | Depths:2 | Bought a scroll of magic mapping for 80 gold pieces
 89917 | Depths:2 | Bought a scroll of magic mapping for 80 gold pieces
 90152 | Elf:3    | Bought a scroll of acquirement for 1092 gold pieces
 90154 | Elf:3    | Acquired 1266 gold pieces
 90384 | Pan      | Entered Pandemonium
 90384 | Pan      | Noticed Qubracipn the pandemonium lord
 90387 | Pan      | Cast into level 2 of the Abyss (+1 demon trident of
                  | distortion)
 91452 | Abyss:3  | Noticed a dread lich
 91460 | Abyss:3  | Killed a dread lich
 91622 | Abyss:4  | Lost mutation: Your muscles are strong. (Str +2) [potion of
                  | mutation]
 91622 | Abyss:4  | Lost mutation: Your spells are a little harder to cast, but
                  | a little more powerful. [potion of mutation]
 91622 | Abyss:4  | Gained mutation: You have sharp toenails. [potion of
                  | mutation]
 91622 | Abyss:4  | Gained mutation: You are clumsy. (Dex -2) [potion of
                  | mutation]
 91622 | Abyss:4  | Gained mutation: You are somewhat resistant to further
                  | mutation. [potion of mutation]
 91623 | Abyss:4  | Lost mutation: You are clumsy. (Dex -2) [potion of
                  | mutation]
 91623 | Abyss:4  | Lost mutation: You are somewhat resistant to further
                  | mutation. [potion of mutation]
 91623 | Abyss:4  | Lost mutation: You have sharp toenails. [potion of
                  | mutation]
 91623 | Abyss:4  | Gained mutation: Armour fits poorly on your strangely
                  | shaped body. [potion of mutation]
 91623 | Abyss:4  | Gained mutation: Your flesh is cold resistant. (rC+)
                  | [potion of mutation]
 91623 | Abyss:4  | Gained mutation: Your muscles are strong. (Str +2) [potion
                  | of mutation]
 91624 | Abyss:4  | Lost mutation: Your mind is acute. (Int +2) [potion of
                  | mutation]
 91624 | Abyss:4  | Lost mutation: Your muscles are strong. (Str +2) [potion of
                  | mutation]
 91624 | Abyss:4  | Gained mutation: You have an increased reservoir of magic.
                  | (+10% MP) [potion of mutation]
 91624 | Abyss:4  | Gained mutation: You can translocate small distances at
                  | will. [potion of mutation]
 91625 | Abyss:4  | Lost mutation: Scrolls take you a little longer to read.
                  | [potion of mutation]
 91625 | Abyss:4  | Lost mutation: Armour fits poorly on your strangely shaped
                  | body. [potion of mutation]
 91625 | Abyss:4  | Lost mutation: You can translocate small distances at will.
                  | [potion of mutation]
 91625 | Abyss:4  | Gained mutation: You tend to lose your temper in combat.
                  | [potion of mutation]
 91625 | Abyss:4  | Lost mutation: You tend to lose your temper in combat.
                  | [potion of mutation]
 91625 | Abyss:4  | Gained mutation: You have large cloven feet. [potion of
                  | mutation]
 91654 | Pan      | Escaped the Abyss
 91657 | Pan      | Identified the +1 ring mail "Huozuuk" {Regen+ Int+4}
                  | (Okawaru gifted it to you in Pandemonium)
 91657 | Pan      | Received a gift from Okawaru
 91719 | Pan      | Reached skill level 5 in Earth Magic
 91857 | Pan      | Reached skill level 27 in Fighting
 91883 | Pan      | Gained mutation: You tend to lose your temper in combat. [a
                  | cacodemon]
 91884 | Pan      | Gained mutation: Your body sometimes deteriorates upon
                  | taking damage. [a cacodemon]
 92177 | Pan      | Killed Qubracipn the pandemonium lord
 92363 | Pan      | Got a demonic rune of Zot
 92525 | Pan      | Entered the realm of Cerebov.
 92769 | Pan      | Received a gift from Okawaru
 93069 | Pan      | Found the +6 sword of Cerebov {flame}
 93069 | Pan      | Noticed Cerebov
 93075 | Pan      | Identified the +5 rapier "Grim" {vorpal, rElec rN+ Stlth+}
 93075 | Pan      | Identified the amulet "Toppasulat" {RegenMP *Corrode Str+5}
 93110 | Pan      | Killed Cerebov
 93157 | Pan      | Got a fiery rune of Zot
 93269 | Pan      | Identified the +9 flail of Siuv {drain, Fragile +Inv rElec}
 93328 | Pan      | Found a runed translucent door.
 93328 | Pan      | Noticed Riunoid the pandemonium lord
 93533 | Pan      | Killed Riunoid the pandemonium lord
 93576 | Pan      | Identified the +1 plate armour "Ugauxoat" {Str+2 Int+8}
                  | (Okawaru gifted it to you in Pandemonium)
 93576 | Pan      | Received a gift from Okawaru
 93967 | Pan      | Entered the realm of Mnoleg.
 94001 | Pan      | Reached skill level 10 in Earth Magic
 94199 | Pan      | Noticed Mnoleg
 94315 | Pan      | Identified the +0 ring mail of the Cockroach {Slay+2
                  | Stlth+} (Okawaru gifted it to you in Pandemonium)
 94315 | Pan      | Received a gift from Okawaru
 94535 | Pan      | Paralysed by a floating eye for 2 turns
 94770 | Pan      | Paralysed by a floating eye for 2 turns
 94775 | Pan      | Killed Mnoleg
 94782 | Pan      | Got a glowing rune of Zot
 94825 | Pan      | Gained mutation: You are occasionally teleported next to
                  | monsters. [a cacodemon]
 94832 | Pan      | Lost mutation: Your flesh is cold resistant. (rC+) [potion
                  | of mutation]
 94832 | Pan      | Lost mutation: You tend to lose your temper in combat.
                  | [potion of mutation]
 94832 | Pan      | Gained mutation: You are partially covered in rugged brown
                  | scales. (AC +1, +3% HP) [potion of mutation]
 94832 | Pan      | Gained mutation: You expend magic power (3 MP) to
                  | strengthen your wands. [potion of mutation]
 94832 | Pan      | Gained mutation: You are partially covered in slimy green
                  | scales. (AC +2) [potion of mutation]
 94833 | Pan      | Lost mutation: You expend magic power (3 MP) to strengthen
                  | your wands. [potion of mutation]
 94833 | Pan      | Lost mutation: You are occasionally teleported next to
                  | monsters. [potion of mutation]
 94833 | Pan      | Gained mutation: You possess an exceptional clarity of
                  | mind. [potion of mutation]
 94833 | Pan      | Gained mutation: Scrolls take you a little longer to read.
                  | [potion of mutation]
 94833 | Pan      | Gained mutation: You are agile. (Dex +2) [potion of
                  | mutation]
 94833 | Pan      | Gained mutation: You are mostly covered in rugged brown
                  | scales. (AC +2, +5% HP) [potion of mutation]
 94865 | Pan      | Gained mutation: Your body often deteriorates upon taking
                  | damage. [a neqoxec]
 95025 | Pan      | Found an exit through the horrors of the Abyss.
 95044 | Pan      | Noticed Fuighobb the pandemonium lord
 95056 | Pan      | Took an exit into the Abyss.
 95056 | Abyss:1  | Escaped into the Abyss
 95063 | Depths:1 | Escaped the Abyss
 95068 | Pan      | Entered Pandemonium
 95250 | Pan      | Found a runed translucent door.
 95280 | Pan      | Received a gift from Okawaru
 95419 | Pan      | Noticed Dufidd the pandemonium lord
 95425 | Pan      | Killed Dufidd the pandemonium lord
 95495 | Pan      | Entered the realm of Gloorx Vloq.
 95606 | Pan      | Received a gift from Okawaru
 95638 | Pan      | Found an exit through the horrors of the Abyss.
 95905 | Pan      | Reached skill level 27 in Armour
 95905 | Pan      | Reached skill level 27 in Stealth
 96001 | Pan      | Identified the +8 morningstar of Vuso {antimagic, rC+
                  | Dex+2} (Okawaru gifted it to you in Pandemonium)
 96001 | Pan      | Received a gift from Okawaru
 96195 | Pan      | Noticed Gloorx Vloq
 96234 | Pan      | Killed Gloorx Vloq
 96238 | Pan      | Got a dark rune of Zot
 96673 | Pan      | Noticed Zuced the pandemonium lord
 96680 | Pan      | Killed Zuced the pandemonium lord
 96700 | Pan      | Received a gift from Okawaru
 96791 | Pan      | Reached skill level 1 in Spellcasting
 97120 | Pan      | Noticed Omozxae the pandemonium lord
 97137 | Pan      | Killed Omozxae the pandemonium lord
 97195 | Pan      | Entered the realm of Lom Lobon.
 97311 | Pan      | Noticed Lom Lobon
 97358 | Pan      | Killed Lom Lobon
 97650 | Pan      | Received a gift from Okawaru
 98114 | Pan      | Got a magical rune of Zot
 98323 | Pan      | Noticed Siduyw the pandemonium lord
 98337 | Pan      | Reached skill level 5 in Spellcasting
 98474 | Pan      | Acquired the amulet "Niprediy" {Faith rElec MP+9}
 98763 | Pan      | Noticed Yleidd the pandemonium lord
 98789 | Pan      | Killed Yleidd the pandemonium lord
 98935 | Pan      | Received a gift from Okawaru
 99349 | Pan      | Noticed Pybur the pandemonium lord
 99428 | Pan      | Lost mutation: You have an increased reservoir of magic.
                  | (+10% MP) [a cacodemon]
 99429 | Pan      | Reached skill level 27 in Invocations
 99551 | Pan      | Noticed Fujag the pandemonium lord
 99565 | Pan      | Killed Fujag the pandemonium lord
 99575 | Pan      | Reached skill level 15 in Earth Magic
 99678 | Pan      | Found an exit through the horrors of the Abyss.
 99686 | Pan      | Took an exit into the Abyss.
 99686 | Abyss:1  | Escaped into the Abyss
 99755 | Depths:1 | Escaped the Abyss
100054 | Tomb:1   | Entered Level 1 of the Tomb of the Ancients
100163 | Tomb:1   | Reached skill level 1 in Bows
100343 | Tomb:1   | Received a gift from Okawaru
100625 | Tomb:1   | Noticed a royal mummy
100635 | Tomb:1   | Killed a royal mummy
100704 | Tomb:1   | Received a gift from Okawaru
100725 | Tomb:1   | Identified the +2 scale mail "Igyed" {rF+}
100841 | Tomb:1   | Lost mutation: Scrolls take you a little longer to read.
                  | [potion of mutation]
100841 | Tomb:1   | Lost mutation: You possess an exceptional clarity of mind.
                  | [potion of mutation]
100841 | Tomb:1   | Lost mutation: You are partially covered in slimy green
                  | scales. (AC +2) [potion of mutation]
100841 | Tomb:1   | Gained mutation: You possess an exceptional clarity of
                  | mind. [potion of mutation]
100841 | Tomb:1   | Gained mutation: Your magical capacity is low. (-10% MP)
                  | [potion of mutation]
100841 | Tomb:1   | Gained mutation: You are robust. (+10% HP) [potion of
                  | mutation]
100896 | Tomb:2   | Noticed a royal mummy
100974 | Tomb:2   | Noticed a royal mummy
100977 | Tomb:2   | Noticed a royal mummy
100983 | Tomb:2   | Killed a royal mummy
100992 | Tomb:2   | Killed a royal mummy
100996 | Tomb:2   | Killed a royal mummy
100997 | Tomb:2   | Reached skill level 1 in Translocations
101040 | Tomb:2   | Noticed a royal mummy
101058 | Tomb:2   | Killed a royal mummy
101059 | Tomb:2   | Reached skill level 1 in Conjurations
101074 | Tomb:2   | Received a gift from Okawaru
101505 | Tomb:1   | Noticed a royal mummy
101510 | Tomb:1   | Killed a royal mummy
101523 | Tomb:1   | Noticed a royal mummy
101533 | Tomb:1   | Killed a royal mummy
101595 | Tomb:1   | Noticed a royal mummy
101598 | Tomb:1   | Noticed a royal mummy
101608 | Tomb:1   | Killed a royal mummy
101608 | Tomb:1   | Received a gift from Okawaru
101609 | Tomb:1   | Reached skill level 1 in Hexes
101609 | Tomb:1   | Reached skill level 1 in Air Magic
101635 | Tomb:1   | Killed a royal mummy
101689 | Tomb:1   | Noticed a royal mummy
101698 | Tomb:1   | Killed a royal mummy
101844 | Tomb:1   | Noticed a royal mummy
101853 | Tomb:1   | Killed a royal mummy
101855 | Tomb:1   | Reached skill level 10 in Spellcasting
102048 | Tomb:3   | Entered Level 3 of the Tomb of the Ancients
102059 | Tomb:3   | Found the +3 hat of Pondering {ponderous, Will+ MP+10
                  | Int+5}
102159 | Tomb:3   | Found the brooch of Shielding {Spirit SH+8}
102186 | Tomb:3   | Noticed a royal mummy
102187 | Tomb:3   | Noticed a royal mummy
102193 | Tomb:3   | Killed a royal mummy
102200 | Tomb:3   | Killed a royal mummy
102201 | Tomb:3   | Noticed a royal mummy
102209 | Tomb:3   | Noticed a royal mummy
102210 | Tomb:3   | Noticed a royal mummy
102213 | Tomb:3   | Killed a royal mummy
102213 | Tomb:3   | Identified the +6 chain mail of the Known World {rC+++
                  | rCorr MP-9 Str+4 Slay-3} (Okawaru gifted it to you on level
                  | 3 of the Tomb of the Ancients)
102213 | Tomb:3   | Received a gift from Okawaru
102213 | Tomb:3   | Noticed a royal mummy
102332 | Tomb:3   | Noticed a royal mummy
102337 | Tomb:3   | Noticed a royal mummy
102342 | Tomb:3   | Killed a royal mummy
102422 | Tomb:3   | Noticed a royal mummy
102466 | Tomb:3   | Killed a royal mummy
102740 | Tomb:3   | Killed a royal mummy
103143 | Tomb:3   | Killed a royal mummy
103166 | Tomb:3   | Killed a royal mummy
103174 | Tomb:3   | Killed a royal mummy
103174 | Tomb:3   | Received a gift from Okawaru
103259 | Tomb:3   | Got a golden rune of Zot
103483 | Tomb:3   | Identified the Papyrus of Ghastly Intoxication
103490 | Tomb:3   | Identified the +7 triple sword "Caicw" {venom, Will+}
103516 | Tomb:3   | Identified the Catalogue of Earthen Shape Shifting
103518 | Tomb:3   | Identified the +6 rapier of Raennu {vorpal, Str+5}
103519 | Tomb:3   | Identified Qaufek's Collected Works on Combat Magic and the
                  | Escort
103522 | Tomb:3   | Identified the +1 trident of the Singing Hero {holy, rElec
                  | rPois Dex-4 Stlth+}
103526 | Tomb:3   | Identified the +3 arbalest "Dragon's Nightmare" {venom,
                  | rF++ Int+4}
103550 | Tomb:3   | Identified the ring "Coimi" {Wiz rF+ Int+3 Slay+3 SInv}
104293 | Zot:4    | Received a gift from Okawaru
105056 | Zot:5    | Entered Level 5 of the Realm of Zot
105444 | Zot:5    | Identified the -3 kite shield of the Barnacle {Harm rF-
                  | rN+++} (Okawaru gifted it to you on level 5 of the Realm of
                  | Zot)
105444 | Zot:5    | Received a gift from Okawaru
105631 | Zot:5    | Noticed an ancient lich
105653 | Zot:5    | Killed an ancient lich
105722 | Zot:5    | Noticed an orb of fire
105736 | Zot:5    | Lost mutation: You possess an exceptional clarity of mind.
                  | [an orb of fire]
105737 | Zot:5    | Killed an orb of fire
105775 | Zot:5    | Noticed an orb of fire
105781 | Zot:5    | Noticed an orb of fire
105782 | Zot:5    | Noticed a dread lich
105787 | Zot:5    | Lost mutation: You are agile. (Dex +2) [an orb of fire]
105837 | Zot:5    | Killed a dread lich
105883 | Zot:5    | Identified the +8 great sword of the Final Allies {venom,
                  | Str+5 Int+3} (Okawaru gifted it to you on level 5 of the
                  | Realm of Zot)
105883 | Zot:5    | Received a gift from Okawaru
106064 | Zot:5    | Killed an orb of fire
106081 | Zot:5    | Noticed an orb of fire
106096 | Zot:5    | Killed an orb of fire
106138 | Zot:5    | Noticed an orb of fire
106139 | Zot:5    | Noticed an orb of fire
106142 | Zot:5    | Noticed an orb of fire
106143 | Zot:5    | Noticed an ancient lich
106146 | Zot:5    | Noticed an orb of fire
106161 | Zot:5    | Killed an orb of fire
106319 | Zot:5    | Killed an ancient lich
106319 | Zot:5    | Received a gift from Okawaru
106378 | Zot:5    | Killed an orb of fire
106566 | Zot:5    | Gained mutation: You are occasionally teleported next to
                  | monsters. [an orb of fire]
106582 | Zot:5    | Killed an orb of fire
106597 | Zot:5    | Killed an orb of fire
106597 | Zot:5    | Identified the +0 cloak of Gestures {Will+ Stlth+} (Okawaru
                  | gifted it to you on level 5 of the Realm of Zot)
106597 | Zot:5    | Received a gift from Okawaru
106915 | Zot:5    | Gained mutation: You are clumsy. (Dex -2) [an orb of fire]
106918 | Zot:5    | Killed an orb of fire
106948 | Zot:5    | Noticed a dread lich
106965 | Zot:5    | Killed a dread lich
107012 | Zot:5    | Lost mutation: You have large cloven feet. [potion of
                  | mutation]
107012 | Zot:5    | Lost mutation: You are robust. (+10% HP) [potion of
                  | mutation]
107012 | Zot:5    | Lost mutation: Your body often deteriorates upon taking
                  | damage. [potion of mutation]
107012 | Zot:5    | Lost mutation: Your magical capacity is low. (-10% MP)
                  | [potion of mutation]
107012 | Zot:5    | Gained mutation: Your mind is acute. (Int +2) [potion of
                  | mutation]
107012 | Zot:5    | Lost mutation: Your mind is acute. (Int +2) [potion of
                  | mutation]
107012 | Zot:5    | Gained mutation: You expend magic power (3 MP) to
                  | strengthen your wands. [potion of mutation]
107027 | Zot:5    | Got the Orb of Zot
107185 | Zot:5    | Noticed Raohan the pandemonium lord
107190 | Zot:5    | Killed Raohan the pandemonium lord
107217 | Zot:5    | Identified the +2 pair of boots of Disguise {Dex+5}
                  | (Okawaru gifted it to you on level 5 of the Realm of Zot)
107217 | Zot:5    | Received a gift from Okawaru
107530 | Depths:2 | Reached skill level 15 in Spellcasting
107625 | D:14     | Noticed Ivettuk the pandemonium lord
107632 | D:14     | Killed Ivettuk the pandemonium lord
107981 | D:$      | Escaped with the Orb!

Illustrated notes

Levels and vault maps discovered:
D:1:      nzn_arrival_depleted_hourglass, layout_basic, serial_forest,
          infiniplex_forest_straight_2, infiniplex_forest_lined_room_2,
          infiniplex_forest_clump_medium, infiniplex_forest_end_2,
          infiniplex_forest_diagonal, infiniplex_forest_end_double,
          infiniplex_forest_join, infiniplex_forest_corner_2, roderic_lattice_a,
          nemelex_diamond_rough_becter
D:2:      layout_basic, chequers_ecumenical_altar_simple_redux, minivault_19,
          uniq_natasha, uniq_jessica, uniq_robin
D:3:      layout_loops_ring
D:4:      layout_rooms, uniq_eustachio
D:5:      lemuel_ratsnest, layout_cave_pools, nicolae_dithmenos_shadow_blocks,
          zin_statuary, lemuel_altar_in_water, uniq_sigmund
D:6:      layout_loops_ring, lemuel_round_altar, general_overflow_altar,
          nicolae_wu_jian_immortal_techniques, serial_shops, shop, minmay_holes,
          minmay_misc_feat_encased, kennysheep_potato
D:7:      layout_gridville, nicolae_overflow_hidden_temple,
          minmay_temple_entry_statues, uniq_prince_ribbit1
D:8:      layout_rooms, kennysheep_mini
D:9:      layout_stronghold, uniq_erolcha
D:10:     layout_roguey, erik_lair_island, zombieorc2_lemuel
D:11:     layout_rooms, serial_shops, nicolae_shop_window_shopping
D:12:     layout_rooms, serial_shops, nicolae_shop_waterfront, minmay_circle_x
D:13:     layout_loops_ring
D:14:     layout_roguey, erik_vaults_1, nicolae_tso_swordbearing_angel,
          minmay_orc_keep
D:15:     grunt_enter_depths_snipers, layout_loops_ring,
          chequers_serial_rivers_room_b, serial_shops, nicolae_shop_statue_plus,
          serial_bayou_pond_e, einodemon_armed_red_devil_minivault
Temple:   regret_index_temple_generic_petals
Lair:1:   dpeg_oklob_gauntlet, layout_concentric_octagons, serial_bayou_shore_b
Lair:2:   layout_cave_pods, minmay_shoals_entry_hut, beast_lair_carwin_6,
          uniq_maggie
Lair:3:   layout_cave_pods
Lair:4:   layout_loops_ring, nicolae_spider_entry_tight_spaces, minivault_24
Lair:5:   layout_cellular_growth, slime_altar_1
Lair:6:   minmay_lair_end_enchanted_forest, layout_small_grid, basic_altar,
          infiniplex_staircase_pool, minmay_lair_oklob_chamber
Shoals:1: layout_shoals, uniq_aizul
Shoals:2: layout_shoals
Shoals:3: layout_shoals
Shoals:4: shoals_end_grunt_garden, layout_shoals, serial_shops,
          nicolae_shop_behind_doors, ldierk_geyser
Spider:1: layout_chambers, hangedman_spider_tarantella_strand, uniq_agnes,
          uniq_rupert
Spider:2: layout_spider_delve
Spider:3: layout_spider_delve, nicolae_spider_stair_cavern, uniq_mara
Spider:4: johnstein_spider_rune_arachne_lair, special_room [special_room_bee],
          nicolae_spider_nook
Slime:1:  layout_caves
Slime:2:  nicolae_slime_pool, layout_caves
Slime:3:  layout_caves
Slime:4:  cheibrodos_slime_lost_civilization_2, layout_caves,
          cheibrodos_slime_lost_civilization_4
Slime:5
Orc:1:    layout_diamond_mine, basic_altar, uniq_nergalle
Orc:2:    st_orc_elflike, layout_diamond_mine, uniq_josephine
Elf:1:    layout_gridlike, hangedman_elf_represent, hangedman_elven_ridges
Elf:2:    layout_loops_ring, serial_shops, shop_statue
Elf:3:    minmay_elf_hall_dome, layout_geoelf_castle, minmay_shoptagon
Vaults:1: ontoclasm_vaults_loading_screen, v_pattern_1,
          nicolae_vaults_mini_display_case, vaults_room_hallway,
          vaults_mumra_chevron, v_alt_pattern_4, vaults_room_large_hall,
          vaults_mumra_lcd, v_misc_13, nicolae_vaults_quartermaster,
          nicolae_vaults_little_squares_4, vaults_room_fours, v_misc_23,
          nicolae_vaults_asterisk, v_misc_9, layout_vaults_omnibox,
          enter_trove_0, serial_shops, nicolae_shop_window_shopping
Vaults:2: vaults_room_octagon, hangedman_vaults_cutoff,
          vaults_room_stairs_pillars, v_misc_30, st_check, v_misc_26,
          hangedman_vaults_maws, vaults_standard_mumra_lines, vaults_room_fours,
          ontoclasm_vaults_gateway, nicolae_vaults_little_squares_2,
          layout_vaults_omnicross
Vaults:3: minmay_crypt_entry_skeletal_spiral, nicolae_vaults_disjoint_gnomons,
          vaults_dpeg_encased_lava, grunt_vaults_funnel,
          ontoclasm_vaults_decontamination, vaults_dpeg_cross,
          ontoclasm_vaults_fault, vaults_room_guarded_vault,
          layout_vaults_big_room, serial_shops, shop
Vaults:4: v_misc_25, nicolae_vaults_theta, nicolae_vaults_bisected_exclaves,
          ontoclasm_vaults_twist, vaults_mumra_hex,
          nicolae_vaults_holding_cells, hangedman_vaults_impose,
          ontoclasm_vaults_spin, vaults_mumra_hexcomb, layout_vaults_omnigrid,
          uniq_margery
Vaults:5: serial_shops
Crypt:1:  layout_basic
Crypt:2:  layout_gridlike, grunt_ministairs_6, grunt_megastairs_5
Crypt:3:  cryptofortress_bobbens
Tomb:1
Tomb:2
Tomb:3
Depths:1: layout_twisted_cross, lightli_too_deep, pan_entry, skrybe_limestone_x,
          abyss_entry, dpeg_stationary_puzzle
Depths:2: grunt_twisty_corner, layout_cave_pools, serial_shops, shop,
          nicolae_shop_trees, nicolae_shop_trees, shop, pf_hell_entry_tar_river,
          pan_entry, roderic_three_in_a_row, bh_walls_and_bars
Depths:3: box_level_dp, pan_entry, hell_entry, uniq_bai_suzhen
Depths:4: minmay_outward_triangles, layout_cave_shapes, enter_ziggurat_e,
          hangedman_coc_ice_floe, infiniplex_staircase_spiral_double,
          serial_shops, nicolae_shop_behind_doors, abyss_entry_small_statue_room
Depths:5: grunt_zot_entry_funnels, layout_cave_pools, hell_entry,
          serial_bayou_lagoon_a, minivault_16, minmay_shop_grove,
          serial_bayou_shore_b, serial_bayou_shore_a, uniq_jory
Hell
Dis:1:    layout_gridville
Dis:2:    layout_subdivisions
Dis:3:    layout_jigsaw
Dis:4:    grunt_deathspiral_small, layout_regular_city
Dis:5:    layout_chaotic_city
Dis:6:    layout_jigsaw, hangedman_dis_decor_blocks_talon, lemuel_elevator
Dis:7:    iron_city_of_dis [dis_grunt, dis_wall_2], layout_chaotic_city
Geh:1:    layout_gehenna_lava_caves
Geh:2:    layout_gehenna_pools_triple
Geh:3:    layout_gehenna_lava_caves
Geh:4:    layout_gehenna_lava_caves
Geh:5:    layout_gehenna_lava_caves
Geh:6:    layout_gehenna_pools_basic, hangedman_generic_boss_arena
Geh:7:    geh_grunt_pentagon
Coc:1:    layout_cocytus_water_paths
Coc:2:    layout_cocytus_water_paths
Coc:3:    layout_ice_bergs
Coc:4:    layout_cocytus_water_paths
Coc:5:    layout_cocytus_water_paths
Coc:6:    layout_ice_bergs
Coc:7:    coc_grunt
Tar:1:    layout_catacombs, hangedman_tartarus_temple_path,
          nicolae_tar_cuneiform_sun, grunt_megastairs_1
Tar:2:    layout_cathedral_of_symmetry
Tar:3:    layout_cathedral_of_symmetry, grunt_megastairs_4
Tar:4:    minmay_shadows, layout_honeycomb, nicolae_tar_cuneiform_bread
Tar:5:    layout_grid_maze
Tar:6:    layout_grid_maze, nicolae_tar_cuneiform_not
Tar:7:    tar_old
Zot:1:    layout_concentric_octagons, st_stairs_10
Zot:2:    layout_onion_interference, hangedman_elemental_grid_stream,
          lemuel_elevator
Zot:3:    layout_gridlike, grunt_ministairs_11
Zot:4:    layout_misc_corridors
Zot:5:    layout_gridlike, nicolae_zot_crop_circle

Skill      XL: |  1  2  3  4  5  6  7  8  9 10 11 12 13 14 15 16 17 18 19 20 21 22 23 24 25 26 27 |
---------------+----------------------------------------------------------------------------------+-----
Armour         | 1 2 3 4 5 6 8 9 10 11 12 13 14 15 16 17 18 19 20 27 | 27.0
Maces & Flails | 4 5 6 8 10 11 13 14 15 16 17 18 19 20 27 | 27.0
Dodging        | 3 4 |  4.1
Fighting       | 3 4 6 7 8 10 12 13 14 15 16 17 18 19 20 21 27 | 27.0
Stealth        | 1 3 4 5 6 7 8 9 10 11 12 13 14 16 17 18 27 | 27.0
Shields        | 1 3 4 5 8 10 11 13 14 15 16 17 18 19 27 | 27.0
Long Blades    | 3 |  3.4
Invocations    | 4 6 8 10 11 12 13 14 15 16 17 27 | 27.0
Axes           | 3 5 6 7 8 9 |  9.0
Ice Magic      | 3 |  3.9
Earth Magic    | 21 | 21.7
Evocations     | 23 | 23.0
Spellcasting   | 15 | 15.2
Throwing       | 3 |  3.3
Bows           | 1 |  1.2
Translocations | 2 |  2.2
Conjurations   | 3 |  3.4
Hexes          | 2 |  2.5
Air Magic      | 2 |  2.2
Short Blades   | |  0.8
Polearms       | |  0.6
Staves         | |  0.3
Slings         | |  0.4
Crossbows      | |  0.5
Unarmed Combat | |  0.9
Summonings     | |  0.7
Necromancy     | |  0.4
Transmutations | |  0.7
Fire Magic     | |  0.4
Poison Magic   | |  0.7

Action                   |  1- 3 |  4- 6 |  7- 9 | 10-12 | 13-15 | 16-18 | 19-21 | 22-24 | 25-27 || total
-------------------------+-------+-------+-------+-------+-------+-------+-------+-------+-------++-------
Melee: Flail             |   105 |   180 |   220 |   826 |  1630 |  2130 |       |       |       ||  5091
       Unarmed           |       |    12 |       |       |       |       |       |     1 |       ||    13
       Mace              |       |    19 |   162 |       |       |       |       |       |       ||   181
       Whip              |       |       |     8 |    13 |       |       |       |       |       ||    21
       Scimitar          |       |       |       |     5 |    21 |       |       |       |       ||    26
       Punch             |       |       |       |       |     5 |       |       |       |       ||     5
       Eveningstar       |       |       |       |       |       |   359 |  1512 |  1376 |  8287 || 11534
       Broad axe         |       |       |       |       |       |       |   299 |   426 |   978 ||  1703
       Morningstar       |       |       |       |       |       |       |       |    49 |  3630 ||  3679
Throw: Stone             |       |       |       |       |       |       |       |       |     2 ||     2
Invok: Heroism           |       |       |       |     3 |    11 |    15 |     7 |     6 |    41 ||    83
       Finesse           |       |       |       |       |       |       |       |       |    28 ||    28
 Abil: Fly               |       |       |       |       |       |     1 |       |     1 |     7 ||     9
       Stop Flying       |       |       |       |       |       |       |     1 |     1 |     7 ||     9
Evoke: Wand              |       |       |       |       |       |       |     2 |     2 |    16 ||    20
       Condenser vane    |       |       |       |       |       |       |       |       |     1 ||     1
  Use: Scroll            |       |       |       |    15 |     6 |    21 |     8 |     8 |    57 ||   115
       Potion            |       |       |       |       |       |     1 |       |       |    38 ||    39
 Stab: Sleeping          |       |       |     4 |    17 |    25 |    27 |    36 |    43 |   183 ||   335
       Distracted        |       |       |       |     3 |     9 |    10 |    11 |     6 |   122 ||   161
       Held in net/web   |       |       |       |       |       |     1 |       |       |       ||     1
       Paralysed         |       |       |       |       |       |       |       |     1 |       ||     1
Armor: Leather armour    |    51 |    99 |   187 |   284 |   509 |       |       |       |       ||  1130
       Gold dragon scale |       |       |       |       |     1 |       |       |       |       ||     1
       Troll leather arm |       |       |       |       |   129 |  1641 |   906 |   831 |  5064 ||  8571
Dodge: Dodged            |    77 |   167 |   269 |   365 |   742 |  1670 |   946 |   732 |  3907 ||  8875
Block: Other             |       |       |     8 |   128 |   109 |       |       |       |       ||   245
       Reflection        |       |       |     1 |       |     8 |       |       |       |       ||     9
       Buckler           |       |       |       |       |   628 |  1565 |   911 |   440 |       ||  3544
       Kite shield       |       |       |       |       |       |       |       |   544 | 11089 || 11633
       Rpst.: Scimitar   |       |       |       |     1 |     3 |       |       |       |       ||     4

Table legend: (Time is in decaauts)
 A = Elapsed time spent in this place.
 B = Non-inter-level travel time spent in this place.
 C = Inter-level travel time spent in this place.
 D = Time resting spent in this place.
 E = Time spent auto-exploring this place.
 F = Levels seen in this place.
 G = Mean time per level.
                   A        B        C        D        E       F      G
               +--------+--------+--------+--------+--------+-----+--------+
         Total | 101941 |  93204 |   8737 |   4576 |  50620 | 129 |  790.2 |
       Dungeon |  18674 |  16375 |   2299 |   1469 |  11101 |  15 | 1244.9 |
        Temple |    280 |    231 |     49 |      0 |    229 |   1 |  280.0 |
          Lair |  11680 |  10277 |   1403 |    401 |   7690 |   6 | 1946.7 |
        Shoals |   3732 |   3599 |    133 |     32 |   2581 |   4 |  933.0 |
   Spider Nest |   6025 |   5730 |    295 |    268 |   3089 |   4 | 1506.2 |
    Slime Pits |   1722 |   1675 |     47 |    379 |    212 |   5 |  344.4 |
  Orcish Mines |   1968 |   1700 |    268 |    100 |    952 |   2 |  984.0 |
   Elven Halls |   3372 |   2900 |    472 |      0 |   1382 |   3 | 1124.0 |
        Vaults |   8268 |   7230 |   1038 |      0 |   4306 |   5 | 1653.6 |
         Crypt |   3380 |   3126 |    254 |     91 |   2094 |   3 | 1126.7 |
          Tomb |   3384 |   3025 |    359 |    472 |   1036 |   3 | 1128.0 |
        Depths |   7990 |   6851 |   1139 |    118 |   3323 |   5 | 1598.0 |
          Hell |    844 |    708 |    136 |      0 |    425 |   1 |  844.0 |
           Dis |   4572 |   4413 |    159 |    135 |   1852 |   7 |  653.1 |
       Gehenna |   2135 |   2032 |    103 |    212 |    361 |   7 |  305.0 |
       Cocytus |   2045 |   1956 |     89 |    150 |    307 |   7 |  292.1 |
      Tartarus |   3637 |   3400 |    237 |     56 |   1624 |   7 |  519.6 |
           Zot |   5854 |   5601 |    253 |    342 |   2635 |   5 | 1170.8 |
         Abyss |   4868 |   4868 |      0 |     43 |   2154 |  14 |  347.7 |
   Pandemonium |   7410 |   7410 |      0 |    308 |   3263 |  24 |  308.8 |
         Trove |     91 |     91 |      0 |      0 |      0 |   1 |   91.0 |
               +--------+--------+--------+--------+--------+-----+--------+

Top non-repeatable levels by time:
  Lair:6: 2479 daAuts
  Lair:4: 2242 daAuts
Depths:3: 2209 daAuts
Vaults:5: 2200 daAuts
  Lair:5: 2075 daAuts
   Dis:7: 1994 daAuts
 Abyss:3: 1987 daAuts
 Abyss:2: 1976 daAuts
   Zot:5: 1972 daAuts
Spider:4: 1910 daAuts
 Crypt:3: 1767 daAuts
Vaults:2: 1755 daAuts
Depths:2: 1709 daAuts
   Tar:7: 1706 daAuts
  Lair:3: 1699 daAuts
